 Dungeon Crawl Stone Soup version 0.31.0-9-g3a7656b989 (webtiles) character file.

Game seed: 6752654589743371043

23517969 Bnni the Rhythm of Life and Death (level 27, 189/189 HPs)
             Began as a Vine Stalker Fighter on Feb 2, 2024.
             Was a Follower of Uskayaw.
             Escaped with the Orb
             ... and 15 runes
             ... and 11 gems on Feb 3, 2024!
             The game lasted 06:37:47 (67629 turns).

Bnni the Rhythm of Life and Death (VSFi)           Turns: 67629, Time: 06:37:48

Health: 189/189    AC: 58    Str: 32      XL:     27
Magic:  31/41      EV: 30    Int:  5 (7)  God:    Uskayaw [*.....]
Gold:   16921      SH: 37    Dex: 20 (25) Spells: 34/53 levels left

rFire   + . .        e - +9 quick blade (elec)
rCold   + + +        A - +13 tower shield "Ocyonoch" {rC+}
rNeg    + + +        f - +12 gold dragon scales
rPois   ∞            R - +3 crown of Dyrovepreva {rElec Int+2 SInv}
rElec   +            O - +2 cloak {rCorr}
rCorr   +            Q - +2 pair of gloves "Arijegun" {Rampage rElec Int-3 Stlth+}
SInv    +            y - +4 pair of boots of the Skies Above {Rampage Str+2}
Will    +++++        Z - amulet of Ricoran {Faith Harm ^Drain rElec Stlth+}
Stlth   ++           c - ring "Otweinar" {rN+ Str+6 Slay+3}
HPRegen 1.31/turn    w - ring of the Hare {EV+10}
MPRegen 0.27/turn

%: harm (+30% outgoing, +20% incoming), clarity, guardian spirit, rampage, faith
@: death-form, studying 5 skills
A: vile attack, torment immunity, no potions, fangs 3, regeneration 1, magic
shield, antimagic bite, no potion heal 2, hooves 1, iridescent scales 1, thin
skeletal structure 1, clarity, robust 1, electricity resistance, MP-powered
wands
0: Orb of Zot
}: 15/15 runes: decaying, slimy, silver, golden, iron, obsidian, icy, bone,
abyssal, demonic, glowing, magical, fiery, dark, gossamer
a: Siphon Essence, Begin Untransformation, Renounce Religion, Stomp


You escaped.
You worshipped Uskayaw.
Uskayaw was exalted by your worship.
You were an undying horror.
You visited 17 branches of the dungeon, and saw 86 of its levels.
You visited Pandemonium 1 time, and saw 18 of its levels.
You visited the Abyss 2 times.
You completed 1 ziggurat, and saw 27 of its levels.
You also visited: Trove and Ice Cave.

You collected 21048 gold pieces.
You spent 4127 gold pieces at shops.

Inventory:

Hand Weapons
 e - a +9 quick blade of electrocution (weapon)
 i - the +8 autumn katana {manifold assault}
   (You took it off a yaktaur on level 2 of the Vaults)
 v - a +9 vampiric quick blade
 D - the +8 arc blade {discharge, rElec}
   (You found it on level 16 of a ziggurat)

   rElec:     It insulates you from electricity.
Missiles
 E - 4 throwing nets
Armour
 f - +12 gold dragon scales (worn)
 y - the +4 pair of boots of the Skies Above (worn) {Rampage Str+2}
   (You found it on level 20 of a ziggurat)

   Str+2:     It affects your strength (+2).
   Rampage:   It bestows one free step when moving towards enemies.
 A - the +13 tower shield "Ocyonoch" (worn) {rC+}
   (You took it off a daeva in Pandemonium)

   rC+:       It protects you from cold.
 O - a +2 cloak of preservation (worn)
 Q - the +2 pair of gloves "Arijegun" (worn) {Rampage rElec Int-3 Stlth+}
   (You acquired it on level 26 of a ziggurat)

   Int-3:     It affects your intelligence (-3).
   rElec:     It insulates you from electricity.
   Rampage:   It bestows one free step when moving towards enemies.
   Stlth+:    It makes you more stealthy.
 R - the +3 crown of Dyrovepreva (worn) {rElec Int+2 SInv}
   (You found it on level 27 of a ziggurat)

   Int+2:     It affects your intelligence (+2).
   rElec:     It insulates you from electricity.
   SInv:      It lets you see invisible.
Jewellery
 c - the ring "Otweinar" (left hand) {rN+ Str+6 Slay+3}
   (You found it on level 14 of a ziggurat)

   [ring of strength]

   Str+6:     It affects your strength (+6).
   Slay+3:    It affects your accuracy & damage with ranged weapons and melee
   (+3).
   rN+:       It protects you from negative energy.
 d - the ring of Noafew {+Blink Fly rElec rPois Dex+3}
   (You found it in a treasure trove)

   [ring of flight]

   Dex+3:     It affects your dexterity (+3).
   rElec:     It insulates you from electricity.
   rPois:     It protects you from poison Fly: It grants you flight.
   +Blink:    It lets you blink.
 w - the ring of the Hare (right hand) {EV+10}
   (You found it on level 17 of a ziggurat)

   [ring of evasion]

   EV+10:     It affects your evasion (+10).
 F - the ring "Qissa" {rPois rF+}
   (You bought it in a shop on level 6 of the Dungeon)

   [ring of poison resistance]

   rF+:       It protects you from fire.
   rPois:     It protects you from poison
 Z - the amulet of Ricoran (around neck) {Faith Harm ^Drain rElec Stlth+}
   (You took it off a deep elf death mage on level 3 of the Elven Halls)

   [amulet of faith]

   Faith:     It allows you to gain divine favour quickly.
   rElec:     It insulates you from electricity.
   ^Drain:    It drains your maximum health when unequipped.
   Harm:      It increases damage dealt and taken.
   Stlth+:    It makes you more stealthy.
Talismans
 t - the death talisman of Lugonu's Inspiration (active) {Will+}
   (You found it on level 17 of a ziggurat)

   [talisman of death]

   Will+:     It increases your willpower.
Wands
 n - a wand of iceblast (102)
 x - a wand of digging (60)
 P - a wand of quicksilver (86)
Scrolls
 b - 7 scrolls of blinking
 h - 14 scrolls of fog
 l - 8 scrolls of enchant armour
 o - 10 scrolls of revelation
 r - 16 scrolls of fear
 s - 63 scrolls of teleportation
 z - 3 scrolls of enchant weapon
 C - 15 scrolls of immolation
 M - 5 scrolls of silence
 X - 3 scrolls of summoning
Potions
 a - a potion of berserk rage
 g - 24 potions of curing
 j - 5 potions of enlightenment
 k - 27 potions of mutation
 m - 4 potions of resistance
 p - 2 potions of haste
 q - 2 potions of invisibility
 G - 5 potions of might
 I - 10 potions of attraction
 J - 2 potions of cancellation
 S - 8 potions of magic
Miscellaneous
 N - a phial of floods
 V - 2 +1 figurines of a ziggurat
 W - a phantom mirror


   Skills:
 + Level 26.9 Fighting
 - Level 14.0(14.8) Short Blades
 - Level 8.0(12.0) Long Blades
 * Level 26.4 Armour
 + Level 22.1 Dodging
 - Level 22.1 Stealth
 - Level 22.4 Shields
 + Level 13.7 Spellcasting
 - Level 10.0 Necromancy
 - Level 12.0 Translocations
 - Level 10.0 Air Magic
 O Level 27 Invocations
 - Level 23.0 Shapeshifting


You had 34 spell levels left.
You knew the following spells:

 Your Spells              Type           Power      Damage    Failure   Level
a - Lesser Beckoning      Tloc           30%        N/A       1%          2
b - Blink                 Tloc           30%        N/A       1%          2
c - Passage of Golubria   Tloc           15%        N/A       6%          4
d - Vhi's Electric Charg  Tloc/Air       28%        N/A       10%         4
e - Swiftness             Air            13%        N/A       4%          3
w - Fugue of the Fallen   Necr           13%        N/A       4%          3
z - Apportation           Tloc           30%        N/A       1%          1

Your spell library contained the following spells:

 Spells                   Type           Power      Damage    Failure   Level
 Necrotise                Necr           52%        1d6       1%          1
 Gell's Gravitas          Tloc           15%        N/A       1%          3
 Teleport Other           Tloc           15%        N/A       1%          3
 Sublimation of Blood     Necr           13%        N/A       2%          2
 Vampiric Draining        Necr           13%        2d6       4%          3
 Manifold Assault         Tloc           15%        N/A       6%          4
 Cigotuvi's Dreadful Rot  Necr/Alch/Air  20%        N/A       9%          2
 Shock                    Conj/Air       32%        1d5       11%         1
 Momentum Strike          Conj/Tloc      18%        3d8       11%         2
 Airstrike                Air            6%         2d(1-17)  14%         4
 Animate Dead             Necr           13%        N/A       14%         4
 Dispel Undead            Necr           13%        3d9       14%         4
 Mercury Vapours          Alch/Air       16%        N/A       17%         2
 Static Discharge         Conj/Air       16%        3-4/arc   17%         2
 Volatile Blastmotes      Fire/Tloc      18%        2d11      22%         3
 Curse of Agony           Necr           13%        N/A       36%         5
 Mephitic Cloud           Conj/Alch/Air  6%         N/A       54%         3
 Dimensional Bullseye     Hex/Tloc       4%         N/A       58%         4
 Iskenderun's Mystic Bla  Conj/Tloc      9%         2d4       58%         4
 Foxfire                  Conj/Fire      12%        2x1d4     65%         1
 Freeze                   Ice            12%        1d3       65%         1
 Magic Dart               Conj           12%        1d3       65%         1
 Sandblast                Erth           6%         2d5       65%         1
 Sting                    Conj/Alch      12%        1d3       65%         1
 Summon Small Mammal      Summ           12%        N/A       65%         1
 Dispersal                Tloc           7%         N/A       67%         6
 Anguish                  Hex/Necr       4%         N/A       73%         4
 Martyr's Knell           Necr/Summ      8%         N/A       73%         4
 Summon Lightning Spire   Summ/Air       8%         N/A       73%         4
 Call Imp                 Summ           6%         N/A       78%         2
 Ensorcelled Hibernation  Hex/Ice        6%         N/A       78%         2
 Jinxbite                 Hex            6%         N/A       78%         2
 Scorch                   Fire           6%         2d5       78%         2
 Searing Ray              Conj           6%         2d4       78%         2
 Summon Forest            Summ/Tloc      4%         N/A       90%         5
 Death Channel            Necr           6%         N/A       91%         6
 Call Canine Familiar     Summ           3%         N/A       95%         3
 Dazzling Flash           Conj/Hex       6%         N/A       95%         3
 Frozen Ramparts          Ice            6%         1d1       95%         3
 Hailstorm                Conj/Ice       3%         3d5       95%         3
 Inner Flame              Hex/Fire       3%         N/A       95%         3
 Ozocubu's Armour         Ice            3%         N/A       95%         3
 Passwall                 Erth           3%         N/A       95%         3
 Sigil of Binding         Hex            3%         N/A       95%         3
 Stone Arrow              Conj/Erth      6%         3d7       95%         3
 Summon Ice Beast         Ice/Summ       3%         N/A       95%         3
 Tukima's Dance           Hex            3%         N/A       95%         3
 Arcjolt                  Conj/Air       4%         1d14      97%         5
 Borgnjor's Vile Clutch   Necr/Erth      4%         N/A       97%         5
 Silence                  Hex/Air        4%         N/A       97%         5
 Freezing Cloud           Conj/Ice/Air   3%         6-21      99%         5
 Animate Armour           Summ/Erth      6%         N/A       100%        4
 Brom's Barrelling Bould  Conj/Erth      3%         2d3       100%        4
 Cause Fear               Hex            1%         N/A       100%        4
 Flame Wave               Conj/Fire      3%         2d5       100%        4
 Fulminant Prism          Conj/Alch      1%         3d5       100%        4
 Ignite Poison            Fire/Alch      3%         N/A       100%        4
 Leda's Liquefaction      Alch/Erth      1%         N/A       100%        4
 Olgreb's Toxic Radiance  Alch           3%         N/A       100%        4
 Petrify                  Alch/Erth      3%         N/A       100%        4
 Sticky Flame             Fire/Alch      3%         2d4       100%        4
 Summon Blazeheart Golem  Fire/Summ      3%         N/A       100%        4
 Alistair's Intoxication  Alch           2%         N/A       100%        5
 Fireball                 Conj/Fire      1%         3d3       100%        5
 Irradiate                Conj/Alch      1%         3d12      100%        5
 Iskenderun's Battlesphe  Conj           3%         2d6       100%        5
 Lee's Rapid Deconstruct  Erth           1%         3d4*      100%        5
 Metabolic Englaciation   Hex/Ice        1%         N/A       100%        5
 Summon Mana Viper        Hex/Summ       3%         N/A       100%        5
 Yara's Violent Unravell  Hex/Alch       1%         3d3       100%        5
 Bombard                  Conj/Erth      1%         9d1       100%        6
 Conjure Ball Lightning   Conj/Air       4%         3x3d6     100%        6
 Eringya's Noxious Bog    Alch           1%         4d6       100%        6
 Plasma Beam              Fire/Air       4%         2x1d14    100%        6
 Sculpt Simulacrum        Ice/Alch       1%         N/A       100%        6
 Starburst                Conj/Fire      1%         6d3       100%        6
 Summon Cactus Giant      Summ           1%         N/A       100%        6
 Enfeeble                 Hex            1%         N/A       100%        7
 Haunt                    Necr/Summ      4%         N/A       100%        7
 Malign Gateway           Summ/Tloc      4%         N/A       100%        7
 Orb of Destruction       Conj           1%         9d5       100%        7
 Ozocubu's Refrigeration  Ice            1%         4d7       100%        7
 Spellforged Servitor     Conj/Summ      1%         N/A       100%        7
 Summon Hydra             Summ           1%         N/A       100%        7
 Borgnjor's Revivificati  Necr           6%         N/A       100%        8
 Disjunction              Tloc           7%         N/A       100%        8
 Ignition                 Fire           1%         3d3       100%        8
 Infestation              Necr           6%         N/A       100%        8
 Lehudib's Crystal Spear  Conj/Erth      1%         10d2      100%        8
 Maxwell's Capacitive Co  Air            6%         ∞         100%        8
 Summon Horrible Things   Summ           1%         N/A       100%        8
 Chain Lightning          Conj/Air       4%         3d5       100%        9
 Death's Door             Necr           6%         N/A       100%        9
 Dragon's Call            Summ           1%         N/A       100%        9
 Fire Storm               Conj/Fire      1%         8d1       100%        9
 Polar Vortex             Ice            1%         N/A       100%        9
 Shatter                  Erth           1%         3d6*      100%        9


Dungeon Overview and Level Annotations

Branches:
Dungeon (15/15)            Temple (0/1) D:5            Lair (5/5) D:8
  Swamp (4/4) Lair:3       Spider (4/4) Lair:3        Slime (5/5) Lair:4
    Orc (2/2) D:12            Elf (3/3) Orc:2        Vaults (5/5) D:13
  Crypt (3/3) Vaults:2       Tomb (3/3) Crypt:3      Depths (4/4) D:15
   Hell (visited)             Dis (7/7) Hell            Geh (7/7) Hell
    Coc (7/7) Hell            Tar (7/7) Hell            Zot (5/5) Depths:4
  IceCv (visited)

Altars:
Cheibriados
Elyvilon
Fedhas
Kikubaaqudgha
Makhleb
Nemelex Xobeh
Okawaru
Qazlal
Sif Muna
Uskayaw
Vehumet
Wu Jian
Xom
Yredelemnul
Zin
Jiyva
Lugonu

Shops:
D:1 =   D:3 =   D:4 :   D:6 =   D:15 *   Orc:1 !   Orc:2 ?((!(   Elf:1 :=:
Vaults:3 ?   Vaults:5 ?!?[   Depths:2 *   Depths:3 (

Portals:
Hell: Depths:1 Depths:2 Depths:3 Depths:4
Abyss: Lair:5 Depths:3 Depths:4
Pandemonium: Depths:2 Depths:3

Annotations:
D:7 1 runed translucent door, ongoing's ghost, novice TrFi
Elf:2 3 runed translucent doors
Zot:2 Grunn


Innate Abilities, Weirdness & Mutations

You are an undying horror.
Your melee and unarmed attacks drain, slow and weaken victims.
You are immune to unholy pain and torment.
You cannot drink.
You are immune to poison.
You have razor-sharp teeth.
Your natural rate of healing is unusually fast.
When hurt, damage is shared between your health and your magic reserves.
Your bite disrupts and absorbs the magic of your enemies.
Potions cannot restore your health.
You have large cloven feet.
You are partially covered in iridescent scales. (AC +2)
You have a somewhat thin skeletal structure. (Dex +2, Stealth+)
You possess an exceptional clarity of mind.
You are robust. (+10% HP)
You are resistant to electric shocks. (rElec)
You expend magic power (3 MP) to strengthen your wands.


Message History

You convulse!
There is a stone staircase leading up here.
You climb upwards.
There is a stone staircase leading down here.
Unknown command.
There is a stone staircase leading up here.
You climb upwards.
There is a stone staircase leading down here.
There is a stone staircase leading up here.
You climb upwards.
There is a stone staircase leading down here.
Aiming: Dig
Press: ? - help, Shift-Dir - straight line A rock wall.
This square is covered in magical glow.
You feel a surge of power!
The rock shatters into small pieces.
Aiming: Dig
Press: ? - help, Shift-Dir - straight line This square is covered in magical glow.
You feel a surge of power!
The rock shatters into small pieces.
There is a stone staircase leading up here.
You climb upwards.
There is a stone staircase leading down here.
Aiming: Dig
Press: ? - help, Shift-Dir - straight line This square is covered in magical glow.
You feel a surge of power!
The rock shatters into small pieces.
There is a stone staircase leading up here.
You climb upwards.
There is a stone staircase leading down here.
There is a dry fountain here.
Throw: dart (curare)
Press: ? - help, Shift-Dir - straight line, f - butterfly
Aim: a butterfly (51% to hit)
You throw a curare-tipped dart.
The curare-tipped dart hits the butterfly.
The butterfly is poisoned.
The butterfly struggles to breathe.
You kill the butterfly!
There is a staircase leading out of the dungeon here.
You have escaped!

##.##.#
#####...........#...#.... #.##.#
##................... #.##.#####
#..>............##..
#.#......####...⌠..........b....
#........##...PPP...PP..........
##...........PP♣...P..♣♣........
#..............♣....P♣♣P†......
#........#..P..P.P^.P♣.........
##.)....##.P♣.z.....)P)).......
###...###..(♣.P⌠.....)...b....
#...###⌠P.♣♣P....P(.........
#####...##...P♣................
#.............PP...............
#.............♣P...............
#............P.............>#..
######...###..P^.###........#..
##.....###....# #.####...##.


There were no monsters in sight!

Vanquished Creatures
  Cerebov (Pan)
  Antaeus (Coc:7)
  Dissolution (Slime:4)
  the Royal Jelly (Slime:5)
  Mnoleg (Pan)
  Asmodeus (Geh:7)
  Ereshkigal (Tar:7)
  Gloorx Vloq (Pan)
  the Serpent of Hell (Geh:7)
  Lom Lobon (Pan)
  A seraph (Pan)
  9 dread liches
  Khufu (Crypt:3)
  Dispater (Dis:7)
  9 ancient liches
  3 orbs of fire (Zot:5)
  The ghost of Peimeda the Sniper, a legendary GnFE of Sif Muna (Zot:1)
  5 pandemonium lords
  7 juggernauts
  28 royal mummies
  Sojobo (Vaults:2)
  12 shard shrikes
  Margery (Vaults:4)
  A curse toe (Zot:3)
  Geryon (Hell)
  42 caustic shrikes
  28 profane servitors
  26 golden dragons
  Nikola (Elf:1)
  11 doom hounds
  12 bone dragons
  2 pearl dragons (Pan)
  Arachne (Spider:2)
  13 iron giants
  16 Brimstone Fiends
  14 Tzitzimimeh
  24 Ice Fiends
  18 tentacled monstrosities
  Zenata (Vaults:4)
  22 hellephants
  3 electric golems
  A walking crystal tome (Depths:4)
  2 spectral shard shrikes
  30 Hell Sentinels
  20 tainted leviathans
  The ghost of Imu Guqut the Wrestler, an adept DrSh of Trog (Vaults:1)
  7 liches
  2 walking earthen tomes (Depths:4)
  4 quicksilver dragons
  16 Orb Guardians
  36 searing wretches
  5 deep elf blademasters
  8 titans
  A deep elf master archer (Zig:10)
  4 walking frostbound tomes (Zig:18)
  29 acid blobs
  12 sphinxes
  44 ancient champions
  Frances (Spider:2)
  10 Executioners
  3 death cobs
  11 shadow dragons
  10 tentacled starspawn
  14 rockslimes
  17 revenants
  17 nagarajas
  7 storm dragons
  21 azure jellies
  8 tengu reavers
  4 thorn hunters
  Roxanne (Swamp:1)
  3 protean progenitors (Pan)
  6 demonspawn warmongers (Pan)
  16 daevas
  32 fire giants
  6 narguns
  13 draconian monks
  14 draconian scorchers
  25 vault wardens
  9 frost giants
  16 iron dragons
  4 draconian shifters
  17 draconian knights
  11 deep elf sorcerers
  6 fenstrider witches
  28 quicksilver elementals
  3 ghost moths (Spider:4)
  46 balrugs
  5 emperor scorpions
  2 ghouls
  2 caustic shrike zombies (Hell)
  4 deep elf elementalists (Elf:3)
  15 shard shrike simulacra
  20 angels (Pan)
  2 orc warlords (Vaults:1)
  2 spectral caustic shrikes
  19 reapers
  13 curse skulls
  4 draconian stormcallers
  21 quicksilver oozes
  A broodmother (Spider:1)
  8 cacodemons
  15 ironbound preservers
  11 demonspawn blood saints
  3 juggernaut skeletons
  3 spriggan defenders
  3 caustic shrike skeletons
  39 very ugly things
  15 draconian annihilators
  3 demonspawn corrupters (Pan)
  5 formless jellyfish
  5 ironbound thunderhulks
  25 stone giants
  19 apis (Pan)
  9 vampire knights
  17 ophanim (Pan)
  4 eleionomae
  13 deep elf annihilators
  27 elemental wellsprings
  20 putrid mouths
  12 black draconians
  A spectral titan (Tar:1)
  4 bunyips
  4 halazid warlocks (Tar:1)
  8 green draconians
  5 white draconians
  4 bennus
  8 deep elf death magi
  2 lorocyprocas (Hell)
  3 deep elf demonologists
  4 purple draconians
  4 demonspawn black suns (Pan)
  29 dire elephants
  36 starcursed masses
  4 yellow draconians
  13 wendigos
  47 war gargoyles
  The ghost of Ajyeg the Cleaver, a journeyman MiFi of Dithmenos (Spider:3)
  9 red draconians
  2 spectral quicksilver dragons
  11 spark wasps
  4 eidola
  23 green deaths
  2 crystal guardians
  5 shambling mangroves
  20 ettins
  26 iron golems
  8 blizzard demons
  An entropy weaver (shapeshifter) (Abyss:3)
  A merfolk javelineer (Depths:3)
  10 fire dragons
  2 spectral krakens (Tar:7)
  A spectral golden dragon (Tar:5)
  16 jiangshi
  21 mummy priests
  11 deep elf high priests
  A spriggan zombie (Hell)
  2 spectral spriggans
  9 entropy weavers
  32 vault guards
  14 great orbs of eyes
  A quicksilver dragon skeleton (Depths:3)
  17 yaktaur captains
  27 hydras
  8 ice dragons
  24 salamander tyrants
  8 caustic shrike simulacra
  5 peacekeepers
  9 rakshasas
  10 juggernaut simulacra
  15 spriggan air magi
  7 ogre magi
  7 ironbound frosthearts
  A sphinx zombie (Depths:3)
  14 centaur warriors
  4 anacondas (Zig:21)
  4 death yaks
  2 hell beasts
  4 jorogumos
  15 alligators
  4 ghost crabs
  5 stokers
  The ghost of AzureDraco the Thaumaturge, a journeyman DsHW of Makhleb (Orc:1)
  4 radroaches
  3 merfolk avatars (Swamp:3)
  A sphinx skeleton (Depths:3)
  7 catoblepae
  A fenstrider witch skeleton (Tomb:1)
  2 spriggan skeletons
  3 deep troll shamans
  2 naga warriors (Zig:21)
  8 boulder beetles
  39 death scarabs
  20 two-headed ogres
  2 satyrs (Pan)
  17 thrashing horrors
  2 death knights (Crypt:3)
  9 vampire magi
  A merfolk aquamancer (Zig:20)
  7 tengu warriors
  A spectral stone giant (Tar:1)
  3 spectral emperor scorpions (Pan)
  14 soul eaters
  7 demonic crawlers
  13 spriggan berserkers
  13 dancing weapons
  5 occultists
  4 deep troll earth magi
  32 hell hogs
  A shock serpent (Zig:21)
  17 crystal echidnas
  9 deep elf knights
  An orc high priest (Orc:2)
  30 hell knights
  3 naga sharpshooters (Zig:21)
  2 storm dragon zombies
  Amaemon (Lair:2)
  41 sun demons
  An iron troll (Depths:1)
  27 skeletal warriors
  3 skysharks (shapeshifter)
  9 wretched stars
  9 cherubim (Pan)
  A spriggan rider (Depths:4)
  A salamander mystic (Zig:20)
  12 sixfirhies
  11 skysharks
  2 spark wasp zombies
  8 spectral anacondas (Tar:5)
  16 shadow wraiths
  8 flayed ghosts
  2 death drakes (shapeshifter)
  9 shadow demons (Pan)
  An anaconda zombie (Hell)
  3 pharaoh ants
  3 spriggan druids
  3 golden dragon zombies
  A spectral iron dragon (Crypt:3)
  A sea snake (shapeshifter) (Vaults:5)
  3 quicksilver dragon simulacra
  10 sun moths
  7 goliath frogs
  A swamp dragon (shapeshifter) (Elf:1)
  7 glowing orange brains
  3 death drakes (Abyss:3)
  27 deep trolls
  8 orb spiders
  A glowing orange brain (shapeshifter) (Vaults:5)
  8 swamp dragons
  8 arcanists
  4 orange crystal statues
  5 lindwurms
  6 bog bodies
  A bunyip skeleton (Tomb:3)
  10 steelbarb worms
  2 spectral wolf spiders (Spider:4)
  3 wolf spider zombies (Spider:4)
  5 obsidian statues
  A tengu zombie (Hell)
  7 deep elf archers
  8 phantasmal warriors
  13 ironbound convokers
  An alligator zombie (Hell)
  19 deep elf pyromancers
  30 ugly things
  A fenstrider witch simulacrum (Coc:1)
  Pikel (D:6)
  10 orc knights
  25 deep elf zephyrmancers
  3 iron dragon zombies
  11 necromancers
  A tengu skeleton (Depths:2)
  2 frost giant zombies
  3 orc sorcerers
  A spectral ettin (Tar:1)
  6 will-o-the-wisps
  9 shining eyes
  3 worldbinders
  3 fire giant zombies (Hell)
  A steelbarb worm (shapeshifter) (Vaults:5)
  18 wolf spiders
  25 elephants
  A stone giant zombie (Hell)
  17 moths of wrath
  An oklob plant (Zig:26)
  An iron dragon skeleton (Abyss:1)
  2 salamanders
  3 cyclopes
  3 apocalypse crabs
  A manticore (D:15)
  2 dire elephant zombies (Tomb:1)
  9 naga magi
  10 rust devils
  31 smoke demons
  A stone giant skeleton (Hell)
  2 water nymphs (shapeshifter)
  2 ice statues (IceCv)
  11 meliai
  24 vault sentinels
  A naga zombie (Tomb:1)
  30 black mambas
  11 orange demons
  4 titan simulacra
  5 eyes of devastation
  7 torpor snails
  A black mamba (shapeshifter) (Lair:5)
  5 guardian serpents (Zig:21)
  16 molten gargoyles
  A dire elephant skeleton (Crypt:3)
  2 gargoyles
  A moth of wrath (shapeshifter) (Vaults:5)
  A rime drake (shapeshifter) (Elf:1)
  2 spectral redbacks (Spider:4)
  32 large abominations
  15 spectral swamp worms (Tar:7)
  A kobold demonologist (D:8)
  11 komodo dragons
  26 cane toads
  A redback zombie (Spider:4)
  28 hellions
  7 rime drakes
  16 freezing wraiths
  19 yaktaurs
  3 sea snake zombies (Hell)
  3 ice devils
  9 efreet
  15 tormentors
  4 tengu conjurers
  9 red devils
  8 anaconda simulacra
  4 spectral nagas
  Psyche (D:8)
  2 golden dragon simulacra (Coc:7)
  2 iron giant simulacra
  2 sea snake skeletons (Hell)
  8 ancient zymes
  2 harpy zombies
  A merfolk (shapeshifter) (Vaults:5)
  A troll (shapeshifter) (D:15)
  A spectral harpy (Tar:1)
  A bloated husk (Swamp:2)
  9 hellwings
  44 guardian mummies
  12 tyrant leeches
  8 polar bears
  2 human skeletons (Vaults:4)
  26 hornets
  2 queen bees
  2 spectral tarantellas (Spider:4)
  2 tarantella zombies (Spider:4)
  15 tarantellas
  3 spectral jumping spiders (Spider:4)
  25 blink frogs
  2 spectral culicivoras (Spider:4)
  A glass eye (shapeshifter) (Elf:3)
  8 trolls
  2 tengu simulacra (Depths:2)
  2 jumping spider zombies (Spider:4)
  20 raiju
  2 dream sheep (Zig:26)
  9 glass eyes
  2 stone giant simulacra
  2 iron dragon simulacra
  156 slime creatures
  A fire giant simulacrum (Depths:2)
  19 jumping spiders
  5 air elementals
  Sigmund (D:3)
  53 yaks
  A yak (shapeshifter) (Lair:5)
  3 shadows
  A centaur simulacrum (Tomb:2)
  12 culicivoras
  4 wraiths
  5 wyverns
  11 spriggans
  4 fire elementals
  8 water elementals
  14 ushabtiu
  13 ynoxinuls
  A human (D:12)
  7 dire elephant simulacra
  5 wargs
  A death yak simulacrum (IceCv)
  A golden eye (shapeshifter) (D:15)
  4 steam dragons
  6 golden eyes
  16 vampire mosquitoes (D:12)
  12 basilisks
  51 redbacks
  11 neqoxecs
  Menkaure (D:6)
  16 swamp worms
  12 harpy simulacra
  20 small abominations
  14 chaos spawn
  4 acid dragons
  A naga (Zig:21)
  2 glowing shapeshifter zombies (Hell)
  7 swamp drakes
  31 water moccasins
  13 hell hounds
  A hydra simulacrum (Coc:3)
  A swamp drake (shapeshifter) (Lair:5)
  A glowing shapeshifter skeleton (Depths:3)
  26 orc warriors
  A sky beast (D:7)
  8 ettin simulacra
  5 black bears
  6 ice beasts
  6 spriggan simulacra
  37 ogres
  23 laughing skulls
  8 wolves
  9 centaurs
  A lemure (D:6)
  8 kobold brigands
  2 phantoms
  4 weeping skulls
  A brain worm (Abyss:3)
  4 gnoll sergeants
  A scorpion (shapeshifter) (Lair:5)
  6 bullfrogs
  4 necrophages (Crypt:3)
  3 scorpions
  3 earth elementals (Elf:3)
  4 burial acolytes (Crypt:3)
  7 wights
  An elephant simulacrum (IceCv)
  31 killer bees
  An electric eel (Spider:1)
  3 howler monkeys
  4 bombardier beetles
  2 jellies (D:7)
  4 hounds
  A quasit (Abyss:3)
  16 orc priests
  2 gnoll boudas (D:6)
  Crazy Yiuf (D:6)
  An iron imp (Abyss:1)
  4 iguanas
  2 sleepcaps
  Natasha (twice) (D:2)
  20 orc wizards
  5 hell rats (Hell)
  A wolf simulacrum (IceCv)
  20 mummies
  25 gnolls
  10 adders
  2 shadow imps (D:8)
  5 white imps
  2 ufetubi (D:7)
  2 ribbon worms
  3 dart slugs
  91 orcs
  15 endoplasms
  5 giant cockroaches
  8 goblins
  11 hobgoblins
  4 jackals (D:5)
  40 kobolds
  4 quokkas
  7 ball pythons
  4 bats
  3 frilled lizards
  9 kobold skeletons (D:8)
  9 kobold zombies (D:8)
  8 rats
  2 aspiring fleshes (Pan)
  2 butterflies (D:1)
  2 creeping infernos
  9 fire vortices
  2 lurking horrors (Abyss:3)
  7 starspawn tentacles
  6 tentacles (Tar:7)
4454 creatures vanquished.

Vanquished Creatures (collateral kills)
  A titan (Coc:7)
  An elemental wellspring (Coc:7)
  An ugly thing (IceCv)
3 creatures vanquished.

Vanquished Creatures (others)
  2 caustic shrikes (Dis:1)
  A pandemonium lord (Zot:1)
  An iron giant (Dis:1)
  An Ice Fiend (Pan)
  A lich (Zot:1)
  A nagaraja (Zig:20)
  2 draconian knights
  A quicksilver elemental (Dis:1)
  A shard shrike simulacrum (Coc:5)
  A draconian annihilator (Zot:1)
  A deep elf death mage (Zig:15)
  A blizzard demon (Pan)
  An alligator (Swamp:1)
  2 spriggan simulacra
  A bog body (Zig:27)
  A deep elf zephyrmancer (Elf:1)
  An orc sorcerer (Zig:20)
  A hellion (Dis:1)
  A tormentor (Geh:2)
  A hellwing (Zot:1)
  5 bloated husks
  An iron dragon simulacrum (Coc:3)
  A water moccasin (Zig:26)
  4 harpy simulacra
  A hydra simulacrum (Coc:7)
  A laughing skull (Zig:25)
  3 ettin simulacra
  A weeping skull (Abyss:3)
  An orc wizard (D:4)
  A hell rat (Hell)
  3 ball lightnings (Zot:1)
  2 creeping infernos
  25 foxfires
  18 starspawn tentacles
  7 tentacles (Tar:7)
97 creatures vanquished.

Grand Total: 4554 creatures vanquished

Notes
Turn   | Place    | Note
-------+----------+-------------------------------------------
     0 | D:1      | Bnni the Vine Stalker Fighter began the quest for the Orb.
     0 | D:1      | Reached XP level 1. HP: 11/11 MP: 2/2
    19 | D:1      | Reached XP level 2. HP: 16/16 MP: 3/3
   112 | D:1      | Reached XP level 3. HP: 19/19 MP: 2/4
   288 | D:1      | Found a faded altar of an unknown god.
   332 | D:1      | Found Zuag Dys's Jewellery Shoppe.
   475 | D:2      | Reached XP level 4. HP: 24/24 MP: 3/5
   682 | D:2      | Noticed Natasha
   689 | D:2      | Killed Natasha
   690 | D:2      | Reached XP level 5. HP: 28/28 MP: 6/6
   750 | D:2      | Noticed Natasha
   760 | D:2      | Killed Natasha
   815 | D:2      | Identified the +1 robe "Okkoz" {rF+ rC+ Str+2 Stlth+}
  1357 | D:3      | Found Razxofum's Jewellery Shoppe.
  1650 | D:3      | Noticed Sigmund
  1667 | D:3      | Killed Sigmund
  1668 | D:3      | Reached XP level 6. HP: 33/33 MP: 7/7
  1935 | D:4      | Found Zir Keoh's Book Boutique.
  2002 | D:4      | Noticed a water moccasin
  2003 | D:4      | Reached XP level 7. HP: 23/37 MP: 5/8
  2015 | D:4      | Reached skill level 5 in Short Blades
  2233 | D:4      | Found a shimmering altar of Xom.
  2269 | D:4      | Reached skill level 5 in Fighting
  2412 | D:4      | Found a hide-covered altar of Uskayaw.
  2419 | D:4      | Became a worshipper of Uskayaw the Reveller
  2606 | D:4      | Reached * piety under Uskayaw
  2611 | D:4      | Reached ** piety under Uskayaw
  2613 | D:4      | Reached skill level 1 in Stealth
  2613 | D:4      | Gained mutation: You have razor-sharp teeth. [Vine Stalker
                  | growth]
  2613 | D:4      | Reached XP level 8. HP: 43/43 MP: 9/9
  2619 | D:4      | Found a snail-covered altar of Cheibriados.
  2622 | D:4      | Found an ornate altar of the Wu Jian Council.
  2629 | D:4      | Found a blossoming altar of Fedhas.
  2675 | D:5      | Entered Level 5 of the Dungeon
  2706 | D:5      | Reached skill level 1 in Invocations
  2720 | D:5      | Reached *** piety under Uskayaw
  2732 | D:5      | Reached **** piety under Uskayaw
  3023 | D:5      | Found a staircase to the Ecumenical Temple.
  3197 | D:5      | Found a glowing silver altar of Zin.
  3471 | D:5      | Noticed a troll
  3576 | D:5      | Reached skill level 2 in Invocations
  3821 | D:5      | Killed a troll
  4031 | D:6      | Reached XP level 9. HP: 31/48 MP: 9/12
  4272 | D:6      | Noticed Menkaure
  4291 | D:6      | Killed Menkaure
  4292 | D:6      | Reached skill level 3 in Invocations
  4388 | D:6      | You fall into a shaft and drop 2 floors!
  4423 | D:8      | Noticed a hornet
  4436 | D:8      | Killed a hornet
  4440 | D:7      | Found a runed translucent door.
  4444 | D:7      | Noticed ongoing's ghost (novice TrFi)
  4461 | D:7      | Found a stormy altar of Qazlal.
  4517 | D:7      | Reached skill level 5 in Stealth
  4728 | D:6      | Reached skill level 4 in Invocations
  4822 | D:6      | Found Gergh's Jewellery Boutique.
  5085 | D:6      | Noticed Pikel
  5102 | D:6      | Killed Pikel
  5103 | D:6      | Reached XP level 10. HP: 53/53 MP: 14/14
  5110 | D:6      | Found a runed translucent door.
  5111 | D:6      | Noticed Crazy Yiuf
  5118 | D:6      | Killed Crazy Yiuf
  5211 | D:7      | Found a burning altar of Makhleb.
  5413 | D:7      | Found a sparkling altar of Nemelex Xobeh.
  5769 | D:8      | Reached skill level 5 in Invocations
  5770 | D:8      | Reached ***** piety under Uskayaw
  5809 | D:8      | Reached ****** piety under Uskayaw
  6233 | D:8      | Found a staircase to the Lair.
  6299 | D:8      | Noticed a kobold demonologist
  6327 | D:8      | Killed a kobold demonologist
  6327 | D:8      | Noticed Psyche
  6328 | D:8      | Reached skill level 6 in Invocations
  6359 | D:8      | Killed Psyche
  6408 | D:8      | Reached skill level 10 in Short Blades
  6443 | D:8      | Found an ancient bone altar of Kikubaaqudgha.
  6748 | D:9      | Reached XP level 11. HP: 49/58 MP: 17/17
  6795 | D:9      | Reached skill level 7 in Invocations
  7187 | D:9      | Reached skill level 5 in Shields
  7451 | D:6      | Bought an amulet of faith for 600 gold pieces
  7559 | D:10     | Entered Level 10 of the Dungeon
  7726 | D:11     | Identified the +2 flail of the Magic Mushroom {heavy, Will-
                  | rCorr Dex+3}
  7808 | D:11     | Noticed a green ugly thing
  7842 | D:11     | Killed a green ugly thing
  8006 | D:11     | Noticed a cyclops
  8029 | D:11     | Killed a cyclops
  8044 | D:11     | Found a frozen archway.
  8086 | IceCv    | Entered an ice cave
  8086 | IceCv    | Noticed a white ugly thing
  8108 | IceCv    | Killed a white ugly thing
  8122 | IceCv    | Reached skill level 8 in Invocations
  8124 | IceCv    | Found a transporter.
  8139 | IceCv    | Found a transporter.
  8230 | IceCv    | Identified the +1 leather armour of Midnight {Will- Str+4
                  | Dex+3}
  8486 | D:14     | Noticed a death drake
  8488 | D:14     | Killed a death drake
  8571 | D:15     | Entered Level 15 of the Dungeon
  8590 | D:15     | a hound changed into a manticore
  8590 | D:15     | Noticed a manticore (shapeshifter)
  8598 | D:15     | a manticore changed into a spriggan
  8615 | D:15     | Reached XP level 12. HP: 23/65 MP: 14/19
  8617 | D:15     | Noticed an entropy weaver
  8623 | D:15     | an entropy weaver changed into a death drake
  8636 | D:15     | Noticed a centaur warrior
  8649 | D:15     | Killed a centaur warrior
  8754 | D:15     | Noticed a tengu warrior
  8763 | D:15     | Noticed a tengu warrior
  8773 | D:15     | Noticed a tengu warrior
  8775 | D:15     | Killed a tengu warrior
  8776 | D:15     | Reached skill level 9 in Invocations
  8801 | D:15     | Killed a tengu warrior
  8814 | D:15     | Killed a tengu warrior
  8920 | D:15     | Found Daps's General Store.
  9019 | D:15     | Found a staircase to the Depths.
  9019 | D:15     | Noticed a dire elephant
  9024 | D:15     | Noticed a six-headed hydra
  9038 | D:15     | Killed a six-headed hydra
  9039 | D:15     | Killed a dire elephant
  9044 | D:15     | Got a smoky gem with 616 turns to spare
  9137 | D:14     | Noticed an eight-headed hydra
  9192 | D:12     | Noticed a boulder beetle
  9226 | D:12     | Killed a boulder beetle
  9281 | D:12     | Reached skill level 10 in Stealth
  9286 | D:12     | Noticed a two-headed ogre
  9302 | D:12     | Killed a two-headed ogre
  9342 | D:12     | Found a staircase to the Orcish Mines.
  9387 | D:12     | Reached skill level 10 in Invocations
  9413 | D:12     | Reached XP level 13. HP: 55/70 MP: 21/21
 11514 | D:13     | Noticed a fire dragon
 11518 | D:13     | Noticed a vault guard
 11533 | D:13     | Killed a vault guard
 11534 | D:13     | Killed a fire dragon
 11636 | D:13     | Found a gate to the Vaults.
 11967 | D:14     | Reached skill level 11 in Invocations
 11972 | D:14     | Identified the +7 chain mail of the Other Side {Will+
                  | Str+6}
 12837 | Lair:1   | Entered Level 1 of the Lair of Beasts
 12929 | Lair:1   | Reached XP level 14. HP: 62/76 MP: 23/23
 13260 | Lair:4   | Found a viscous altar of Jiyva.
 13260 | Lair:4   | Found a staircase to the Slime Pits.
 13272 | Lair:5   | Entered Level 5 of the Lair of Beasts
 13377 | Lair:5   | Reached skill level 10 in Shields
 13604 | Lair:5   | Reached skill level 10 in Fighting
 13604 | Lair:5   | Reached skill level 12 in Invocations
 13902 | Lair:5   | Found a corrupted altar of Lugonu.
 13902 | Lair:5   | Found a one-way gate to the infinite horrors of the Abyss.
 13912 | Lair:5   | Got an earthy gem with 2862 turns to spare
 14029 | Lair:5   | Identified a scroll of acquirement
 14913 | Lair:4   | Reached XP level 15. HP: 75/81 MP: 25/25
 15205 | Lair:3   | Found a hole to the Spider Nest.
 15731 | Lair:3   | Found a staircase to the Swamp.
 16123 | Lair:2   | Noticed Amaemon
 16136 | Lair:2   | Killed Amaemon
 16137 | Lair:2   | Reached skill level 13 in Invocations
 17731 | Orc:1    | Entered Level 1 of the Orcish Mines
 17776 | Orc:1    | Found Solyrph's Distillery.
 17988 | Orc:1    | Found a runed translucent gate.
 17988 | Orc:1    | Found a runed translucent gate.
 17988 | Orc:1    | Found a runed translucent gate.
 17990 | Orc:1    | Noticed AzureDraco's ghost (journeyman DsHW)
 18042 | Orc:1    | Killed AzureDraco's ghost
 18147 | Orc:2    | Entered Level 2 of the Orcish Mines
 18204 | Orc:2    | Found a staircase to the Elven Halls.
 18353 | Orc:2    | Found Nor Oxez's Weapon Shop.
 18353 | Orc:2    | Found Furph's Antique Weapon Shoppe.
 18353 | Orc:2    | Found Voskafuc's Antique Weapon Emporium.
 18353 | Orc:2    | Found Peopuas's Distillery.
 18420 | Orc:2    | Reached XP level 16. HP: 31/87 MP: 27/27
 18666 | Orc:2    | Bought a throwing net for 45 gold pieces
 18692 | Orc:2    | Reached skill level 14 in Invocations
 18829 | Orc:2    | Found Ubreus's Magic Scroll Shoppe.
 18837 | Orc:2    | Bought a scroll of fog for 52 gold pieces
 18837 | Orc:2    | Bought a scroll of identify for 26 gold pieces
 18837 | Orc:2    | Bought a scroll of identify for 26 gold pieces
 19289 | Orc:2    | Acquired the scarf of the Grue {harm, rC+++ Will- Int-2
                  | Stlth+}
 19342 | Orc:2    | Bought a potion of cancellation for 128 gold pieces
 19550 | D:3      | Bought a +4 ring of slaying for 936 gold pieces
 19743 | Spider:1 | Entered Level 1 of the Spider Nest
 20005 | Spider:2 | Reached skill level 1 in Dodging
 20083 | Spider:2 | Noticed Frances
 20105 | Spider:2 | Killed Frances
 20346 | Spider:4 | Entered Level 4 of the Spider Nest
 20662 | Spider:4 | Reached skill level 15 in Invocations
 20717 | Spider:4 | Reached XP level 17. HP: 67/93 MP: 27/29
 21089 | Spider:4 | Got a milky-white gem with 1287 turns to spare
 21106 | Spider:4 | Got a gossamer rune of Zot
 21997 | Spider:3 | Reached skill level 15 in Stealth
 21999 | Spider:3 | Reached skill level 5 in Armour
 22135 | Spider:3 | Found a runed translucent door.
 22142 | Spider:3 | Noticed Ajyeg's ghost (journeyman MiFi)
 22160 | Spider:3 | Killed Ajyeg's ghost
 22170 | Spider:3 | Got the Handbook of Composition and Rot
 22239 | Spider:3 | Learned a level 2 spell: Blink
 22520 | Spider:2 | Noticed Arachne
 22528 | Spider:2 | Killed Arachne
 23256 | Swamp:1  | Entered Level 1 of the Swamp
 23299 | Swamp:3  | Reached skill level 16 in Invocations
 23300 | Swamp:4  | Entered Level 4 of the Swamp
 23403 | Swamp:4  | Reached XP level 18. HP: 84/98 MP: 28/31
 23773 | Swamp:4  | Got a mossy gem with 1318 turns to spare
 23776 | Swamp:4  | Got a decaying rune of Zot
 24091 | Swamp:3  | Reached skill level 5 in Dodging
 25458 | Swamp:1  | Noticed Roxanne
 25571 | Swamp:1  | Killed Roxanne
 25785 | Swamp:1  | Reached skill level 17 in Invocations
 25829 | Swamp:1  | Identified the +0 whip "Modawe" {antimagic, rElec}
 26159 | D:6      | Bought the ring "Qissa" {rPois rF+} for 510 gold pieces
 26310 | Depths:1 | Entered Level 1 of the Depths
 26344 | Depths:1 | Reached XP level 19. HP: 103/103 MP: 23/32
 26483 | Depths:1 | Found a gateway to Hell.
 26646 | Depths:1 | Identified the staff of Awkwardness {*Slow Fly rElec rF+
                  | Int+5 Fire}
 27347 | Depths:3 | Noticed an ancient lich
 27380 | Depths:3 | Killed an ancient lich
 27436 | Depths:3 | Got the Directory of the Damned
 27608 | Depths:3 | Found Merec's Antique Weapon Shoppe.
 27621 | Depths:3 | Reached skill level 18 in Invocations
 27650 | Depths:4 | Entered Level 4 of the Depths
 27764 | Depths:4 | Reached skill level 15 in Shields
 27783 | Depths:4 | Found a shimmering blue altar of Sif Muna.
 27783 | Depths:4 | Found a white marble altar of Elyvilon.
 27784 | Depths:4 | Found an iron altar of Okawaru.
 27798 | Depths:4 | Noticed a juggernaut
 27803 | Depths:4 | Killed a juggernaut
 27804 | Depths:4 | Reached XP level 20. HP: 109/109 MP: 34/34
 27843 | Depths:4 | Noticed a juggernaut
 27849 | Depths:4 | Killed a juggernaut
 27877 | Depths:4 | Noticed a golden dragon
 27877 | Depths:4 | Noticed a caustic shrike
 27906 | Depths:4 | Found a one-way gateway to a ziggurat.
 28102 | Depths:4 | Found a gate to the Realm of Zot.
 28180 | Depths:4 | Got a midnight gem with 1446 turns to spare
 28340 | Depths:4 | Killed a caustic shrike
 28418 | Depths:4 | Killed a golden dragon
 28427 | Depths:4 | Noticed a juggernaut
 28429 | Depths:4 | Noticed a golden dragon
 28439 | Depths:4 | Killed a juggernaut
 28442 | Depths:4 | Killed a golden dragon
 28541 | Depths:4 | Noticed a caustic shrike
 28565 | Depths:4 | Noticed a caustic shrike
 28572 | Depths:4 | Noticed a golden dragon
 28574 | Depths:4 | Killed a caustic shrike
 28580 | Depths:4 | Killed a caustic shrike
 28586 | Depths:4 | Killed a golden dragon
 28847 | Depths:4 | Reached skill level 19 in Invocations
 29065 | Depths:4 | Reached XP level 21. HP: 87/115 MP: 27/35
 29117 | Depths:4 | Noticed a juggernaut
 29125 | Depths:4 | Killed a juggernaut
 29133 | Depths:4 | Noticed a golden dragon
 29136 | Depths:4 | Killed a golden dragon
 29226 | Depths:4 | Noticed a caustic shrike
 29233 | Depths:4 | Killed a caustic shrike
 29628 | Depths:3 | Bought a polished rapier for 207 gold pieces
 29628 | Depths:3 | Identified the +5 rapier of Invincibility {speed, +Blink
                  | rN+} (You bought it in a shop on level 3 of the Depths)
 29906 | Depths:3 | Found a one-way gate leading to the halls of Pandemonium.
 30277 | Depths:2 | Found Ymeasoz's General Store.
 30285 | Depths:2 | Bought a scroll of enchant weapon for 90 gold pieces
 30727 | Depths:2 | Found a shimmering blue altar of Sif Muna.
 30959 | Depths:1 | Reached skill level 20 in Invocations
 31133 | Depths:1 | Identified the +10 rapier of the Magic Mushroom {elec,
                  | rCorr Str+3}
 31774 | Slime:1  | Entered Level 1 of the Pits of Slime
 31776 | Slime:1  | Reached XP level 22. HP: 121/121 MP: 37/37
 31792 | Slime:2  | Gained mutation: Your body sometimes deteriorates upon
                  | taking damage. [a shining eye]
 31869 | Slime:4  | Noticed Dissolution
 31872 | Slime:4  | Killed Dissolution
 31873 | Slime:4  | Reached skill level 15 in Fighting
 31963 | Slime:5  | Entered Level 5 of the Pits of Slime
 32026 | Slime:5  | Reached skill level 10 in Armour
 32076 | Slime:5  | Found the +18 shield of the Gong {Loud rN+ Will+ rCorr
                  | EV-5}
 32077 | Slime:5  | Found the +9 sword of Power {lifebolt}
 32084 | Slime:5  | Found a viscous altar of Jiyva.
 32119 | Slime:5  | Gained mutation: Armour fits poorly on your strangely
                  | shaped body. [a shining eye]
 32183 | Slime:5  | Gained mutation: Your flesh is cold resistant. (rC+) [a
                  | shining eye]
 32185 | Slime:5  | Gained mutation: You occasionally shout uncontrollably at
                  | your foes. [a shining eye]
 32215 | Slime:5  | Noticed the Royal Jelly
 32240 | Slime:5  | Killed the Royal Jelly
 32270 | Slime:5  | Got a starry gem with 188 turns to spare
 32381 | Slime:5  | Identified the +7 trident of Spite {freeze, rC++ Will+
                  | Str-3 Dex+4}
 32397 | Slime:5  | Identified the +5 mace of Nayh {venom, rC++ Int+3}
 32401 | Slime:5  | Got a slimy rune of Zot
 32420 | Slime:5  | Identified the staff of Duty {rN++ Str+2 Earth}
 32446 | Slime:5  | Got Zasuulec's Papyrus of the Topological Snowflakes
 33616 | Slime:4  | Lost mutation: You occasionally shout uncontrollably at
                  | your foes. [potion of mutation]
 33616 | Slime:4  | Lost mutation: Armour fits poorly on your strangely shaped
                  | body. [potion of mutation]
 33616 | Slime:4  | Lost mutation: Your body sometimes deteriorates upon taking
                  | damage. [potion of mutation]
 33616 | Slime:4  | Gained mutation: You occasionally lose the ability to read
                  | scrolls when taking damage. [potion of mutation]
 33616 | Slime:4  | Gained mutation: You have large cloven feet. [potion of
                  | mutation]
 34634 | Elf:1    | Entered Level 1 of the Elven Halls
 34708 | Elf:1    | Noticed Nikola
 34716 | Elf:1    | Killed Nikola
 34752 | Elf:2    | Identified the +3 leather armour of Proximity {rCorr Str+3
                  | Slay+3}
 34760 | Elf:2    | Found a portal to a secret trove of treasure.
 34809 | Elf:3    | Entered Level 3 of the Elven Halls
 34833 | Elf:3    | Paralysed by an air elemental for 1 turns
 35118 | Elf:3    | Reached skill level 21 in Invocations
 35236 | Elf:3    | Reached XP level 23. HP: 127/127 MP: 38/38
 35239 | Elf:3    | Identified the +6 glaive of the Blessed Realm {freeze, rC+
                  | Int+4 Dex-5}
 35273 | Elf:3    | Reached skill level 10 in Dodging
 35375 | Elf:3    | Identified the +5 mace of Tenacity {speed, rCorr}
 35375 | Elf:3    | Identified the amulet of Ricoran {Faith Harm ^Drain rElec
                  | Stlth+}
 35411 | Elf:3    | Identified the +5 chain mail of the Stars {rPois rN+ Int+3
                  | Stlth-}
 35429 | Elf:3    | Identified the +4 ring mail of Snakes and Ladders {rElec
                  | Regen+}
 35519 | Elf:3    | Got a shimmering gem with 972 turns to spare
 35541 | Elf:3    | Identified the +2 dagger of Yredelemnul {flame, rC+ Will+}
 35832 | Elf:2    | Learned a level 2 spell: Lesser Beckoning
 35836 | Elf:2    | Learned a level 3 spell: Fugue of the Fallen
 35841 | Elf:2    | Learned a level 4 spell: Vhi's Electric Charge
 35856 | Elf:2    | Found a runed translucent gate.
 35856 | Elf:2    | Found a runed translucent gate.
 35860 | Elf:2    | Found a runed translucent gate.
 36158 | Elf:1    | Got the Incunabulum of Impulse
 36264 | Elf:1    | Paralysed by an air elemental for 1 turns
 36279 | Elf:1    | Found Vygu's Book Shoppe.
 36279 | Elf:1    | Found Juejuuxt's Jewellery Shop.
 36280 | Elf:1    | Found Sului's Book Shoppe.
 36625 | Vaults:1 | Entered Level 1 of the Vaults
 37089 | Vaults:1 | Identified the ring "Cekhib" {Wiz *Slow rPois Str+2 Slay+3}
 37107 | Vaults:1 | Reached skill level 22 in Invocations
 37139 | Vaults:1 | Found a runed translucent door.
 37139 | Vaults:1 | Noticed Imu Guqut's ghost (adept DrSh)
 37160 | Vaults:1 | Killed Imu Guqut's ghost
 37290 | Vaults:1 | Found the +5 glaive of the Guard {elec, spectral}
 37401 | Vaults:1 | Reached XP level 24. HP: 133/133 MP: 39/39
 37741 | Vaults:4 | Noticed Margery
 37747 | Vaults:4 | Killed Margery
 37782 | Vaults:5 | Entered Level 5 of the Vaults
 37823 | Vaults:5 | Identified the ring of Hexzusee {Will+ Str+6 Int+3}
 37980 | Vaults:5 | Identified the +1 pair of boots "Qilufus" {rF+ MP-9 SInv}
 38030 | Vaults:5 | Identified the +2 glaive of Koick {flame, rC+}
 38083 | Vaults:5 | Noticed a dread lich
 38092 | Vaults:5 | Killed a dread lich
 38195 | Vaults:5 | Identified the +0 ring mail of a treasure trove {rC+ rN+
                  | Str+3}
 38251 | Vaults:5 | Found Evukkoj's Antique Armour Shoppe.
 38265 | Vaults:5 | Identified the +9 chain mail of the Eleven Nights {rElec
                  | Dex+4 SInv}
 38340 | Vaults:5 | Got a shining gem with 2212 turns to spare
 38342 | Vaults:5 | Got a silver rune of Zot
 38353 | Vaults:5 | Reached skill level 23 in Invocations
 38412 | Vaults:5 | Reached XP level 25. HP: 86/140 MP: 28/39
 38757 | Vaults:5 | Found Azetonip's Magic Scroll Boutique.
 38762 | Vaults:5 | Bought a scroll of enchant armour for 135 gold pieces
 38762 | Vaults:5 | Bought a scroll of enchant armour for 135 gold pieces
 38783 | Vaults:5 | Found Zesos's Magic Scroll Shop.
 38788 | Vaults:5 | Bought a scroll of enchant armour for 97 gold pieces
 38788 | Vaults:5 | Bought a scroll of acquirement for 676 gold pieces
 38788 | Vaults:5 | Acquired the ring of Murch {rF+ rC+ rN+++ Str-2 Int-5}
 38797 | Vaults:5 | Found Jaosakk's Distillery.
 39109 | Vaults:4 | Noticed Zenata
 39115 | Vaults:4 | Killed Zenata
 40107 | Vaults:3 | Found a transporter.
 40107 | Vaults:3 | Identified the +8 short sword "Spiderslayer" {flame, Int+2}
 40117 | Vaults:3 | Found a transporter.
 40377 | Vaults:3 | Found Soalunue's Magic Scroll Boutique.
 40385 | Vaults:3 | Bought a scroll of blinking for 142 gold pieces
 40385 | Vaults:3 | Bought a scroll of blinking for 142 gold pieces
 40385 | Vaults:3 | Bought a scroll of summoning for 180 gold pieces
 40726 | Vaults:2 | Identified the +0 buckler "Peycram" {Str+2 SInv}
 40828 | Vaults:2 | You fall into a shaft and drop 2 floors!
 41317 | Vaults:2 | Noticed Sojobo
 41327 | Vaults:2 | Killed Sojobo
 41347 | Vaults:2 | Reached skill level 24 in Invocations
 41460 | Vaults:2 | Found a staircase to the Crypt.
 42489 | Crypt:1  | Entered Level 1 of the Crypt
 42553 | Crypt:3  | Entered Level 3 of the Crypt
 42636 | Crypt:3  | Reached skill level 1 in Long Blades
 42638 | Crypt:3  | Found a basalt altar of Yredelemnul.
 42746 | Crypt:3  | Found a staircase to the Tomb.
 42746 | Crypt:3  | Noticed Khufu
 42747 | Crypt:3  | Killed Khufu
 42757 | Crypt:3  | Got an ivory gem with 1557 turns to spare
 42763 | Crypt:3  | Identified the +1 leather armour of Wyhid {rC- Str+6
                  | Stlth+}
 42791 | Crypt:3  | Got the Teachings on Misery
 42823 | Crypt:3  | Reached skill level 15 in Armour
 42826 | Crypt:3  | Reached XP level 26. HP: 146/146 MP: 40/40
 43301 | Crypt:3  | Identified the +1 dagger of Ugiuw {heavy, rC+ MP+9 Str-5
                  | Int+4}
 43783 | Depths:3 | Voluntarily entered the Abyss.
 44049 | Abyss:2  | Found a corrupted altar of Lugonu.
 44157 | Abyss:3  | Found a corrupted altar of Lugonu.
 44325 | Abyss:3  | Found a corrupted altar of Lugonu.
 44355 | Abyss:3  | Reached skill level 5 in Long Blades
 44413 | Abyss:3  | Gained mutation: Your body sometimes deteriorates upon
                  | taking damage. [a neqoxec]
 44690 | Depths:3 | Escaped the Abyss
 44743 | Depths:3 | Voluntarily entered the Abyss.
 44850 | Abyss:3  | Noticed an ancient lich
 44858 | Abyss:3  | Killed an ancient lich
 44955 | Abyss:3  | Gained mutation: You are dopey. (Int -2) [a neqoxec]
 44982 | Abyss:3  | Got an abyssal rune of Zot
 44993 | Abyss:3  | Gained mutation: You are clumsy. (Dex -2) [a neqoxec]
 45044 | Depths:3 | Escaped the Abyss
 45201 | Depths:3 | Lost mutation: You are dopey. (Int -2) [potion of mutation]
 45201 | Depths:3 | Lost mutation: Your body sometimes deteriorates upon taking
                  | damage. [potion of mutation]
 45201 | Depths:3 | Lost mutation: You are clumsy. (Dex -2) [potion of
                  | mutation]
 45201 | Depths:3 | Gained mutation: You are robust. (+10% HP) [potion of
                  | mutation]
 45201 | Depths:3 | Lost mutation: Your flesh is cold resistant. (rC+) [potion
                  | of mutation]
 45201 | Depths:3 | Gained mutation: You are dopey. (Int -2) [potion of
                  | mutation]
 45201 | Depths:3 | Gained mutation: You expend magic power (3 MP) to
                  | strengthen your wands. [potion of mutation]
 45202 | Depths:3 | Lost mutation: You occasionally lose the ability to read
                  | scrolls when taking damage. [potion of mutation]
 45202 | Depths:3 | Lost mutation: You are dopey. (Int -2) [potion of mutation]
 45202 | Depths:3 | Gained mutation: You are resistant to electric shocks.
                  | (rElec) [potion of mutation]
 45202 | Depths:3 | Gained mutation: You have a somewhat thin skeletal
                  | structure. (Dex +2, Stealth+) [potion of mutation]
 45202 | Depths:3 | Gained mutation: You are partially covered in iridescent
                  | scales. (AC +2) [potion of mutation]
 45202 | Depths:3 | Gained mutation: You possess an exceptional clarity of
                  | mind. [potion of mutation]
 45241 | Hell     | Entered the Vestibule of Hell
 45241 | Hell     | Noticed Geryon
 45252 | Hell     | Killed Geryon
 45254 | Hell     | Reached XP level 27. HP: 166/166 MP: 40/40
 45270 | Hell     | Reached skill level 25 in Invocations
 45605 | Hell     | Found a gateway to the Iron City of Dis.
 45653 | Hell     | Found a gateway to the freezing wastes of Cocytus.
 45749 | Hell     | Found a gateway to the decaying netherworld of Tartarus.
 45794 | Hell     | Found a gateway to the ashen valley of Gehenna.
 46131 | Elf:2    | You showed the abyssal rune of Zot to enter a treasure
                  | trove
 46132 | Trove    | Entered a treasure trove
 46159 | Trove    | Identified the +2 great sword of the Beast {spect, rN+}
 46168 | Trove    | Identified the ring of Noafew {+Blink Fly rElec rPois
                  | Dex+3}
 46170 | Trove    | Identified the +0 cloak "Ciogucseang" {rElec rC+ Str-4}
 46604 | Dis:1    | Entered Level 1 of the Iron City of Dis
 46922 | Dis:2    | Noticed a dread lich
 46948 | Dis:2    | Killed a dread lich
 47136 | Dis:4    | Noticed a dread lich
 47138 | Dis:4    | Killed a dread lich
 47359 | Dis:7    | Entered Level 7 of the Iron City of Dis
 47503 | Dis:7    | Reached skill level 26 in Invocations
 47675 | Dis:7    | Noticed a juggernaut
 47681 | Dis:7    | Killed a juggernaut
 47819 | Dis:7    | Noticed a juggernaut
 47834 | Dis:7    | Killed a juggernaut
 47838 | Dis:7    | Noticed a juggernaut
 47873 | Dis:7    | Killed a juggernaut
 48542 | Dis:7    | Identified the +1 scimitar of the Orange Skies {venom,
                  | Str+4}
 48776 | Dis:7    | Noticed Dispater
 48805 | Dis:7    | Killed Dispater
 48821 | Dis:7    | Identified the +0 robe of Dishonesty {rPois Will+ Str-5}
 48828 | Dis:7    | Got an iron rune of Zot
 48829 | Dis:7    | Identified the +6 sling "Egusug" {freeze, +Blink Int+3
                  | Dex+2}
 48965 | Geh:1    | Entered Level 1 of Gehenna
 49021 | Geh:2    | HP: 7/170 [hell hog/fireball (6)]
 49022 | Geh:2    | HP: 3/170 [salamander tyrant/flame surge (4)]
 49027 | Geh:2    | HP: 6/170 [fire giant/fireball (7)]
 49027 | Geh:2    | HP: 1/170 [fire giant/fireball (5)]
 49508 | Geh:4    | Reached skill level 1 in Shapeshifting
 49547 | Geh:4    | Reached skill level 27 in Invocations
 49711 | Geh:7    | Entered Level 7 of Gehenna
 49811 | Geh:7    | Noticed the Serpent of Hell
 49816 | Geh:7    | Killed the Serpent of Hell
 49825 | Geh:7    | Reached skill level 15 in Dodging
 49868 | Geh:7    | Reached skill level 5 in Shapeshifting
 50254 | Geh:7    | Found the +13 sceptre of Asmodeus
 50254 | Geh:7    | Noticed Asmodeus
 50274 | Geh:7    | Killed Asmodeus
 50284 | Geh:7    | Got an obsidian rune of Zot
 50658 | Tar:1    | Entered Level 1 of Tartarus
 50742 | Tar:2    | Noticed a dread lich
 50747 | Tar:2    | Killed a dread lich
 50748 | Tar:2    | You fall into a shaft and drop 2 floors!
 50832 | Tar:5    | Noticed an ancient lich
 50846 | Tar:5    | Killed an ancient lich
 51530 | Tar:7    | Entered Level 7 of Tartarus
 51663 | Tar:7    | Reached skill level 10 in Shapeshifting
 52637 | Tar:7    | Noticed Ereshkigal
 52638 | Tar:7    | Paralysed by Ereshkigal for 4 turns
 52647 | Tar:7    | Killed Ereshkigal
 52829 | Tar:7    | Identified the +0 morningstar of Miaqoupp {freeze, rElec
                  | rC- Dex+3}
 52831 | Tar:7    | Identified the +11 mace of Vishean {heavy, Stlth+}
 52836 | Tar:7    | Got a bone rune of Zot
 52843 | Tar:7    | Identified the +0 plate armour "Yluafo" {*Slow Int+6}
 53028 | Tar:7    | Identified the staff of the Extremely Mad {+Blink rElec
                  | Conj Earth}
 53031 | Tar:7    | Identified the staff "Lojo" {rPois rC+ Alchemy}
 53034 | Tar:7    | Got the Omnibus of Anathema and Excavation
 54820 | Coc:1    | Entered Level 1 of Cocytus
 54871 | Coc:2    | Noticed a dread lich
 54878 | Coc:2    | Killed a dread lich
 55311 | Coc:3    | Reached skill level 15 in Shapeshifting
 55335 | Coc:4    | Paralysed by a wendigo for 1 turns
 55345 | Coc:4    | Paralysed by a wendigo for 1 turns
 55597 | Coc:7    | Entered Level 7 of Cocytus
 55928 | Coc:7    | Identified the +3 arbalest of Exquisite Torment {freeze,
                  | rN+ Str+5 Int+2 Stlth-}
 55946 | Coc:7    | Identified the +5 leather armour "Karassal" {+Inv Will-
                  | Slay+2}
 55953 | Coc:7    | Paralysed by a wendigo for 1 turns
 56155 | Coc:7    | Noticed Antaeus
 56162 | Coc:7    | Killed Antaeus
 56168 | Coc:7    | Got an icy rune of Zot
 56327 | Pan      | Entered Pandemonium
 56478 | Pan      | Found a white marble altar of Elyvilon.
 56881 | Pan      | Identified the ring "Iqoett" {Wiz rPois rC- rCorr Dex+4}
 56882 | Pan      | Noticed a seraph
 56887 | Pan      | Killed a seraph
 56888 | Pan      | Found a glowing golden altar of the Shining One.
 56910 | Pan      | Got a demonic rune of Zot
 56917 | Pan      | Identified the +1 whip "Keup" {freeze, rElec rC+ Int+4}
 56926 | Pan      | Identified the +0 buckler of Covaamy {rF+ rC+ Int+5 SInv}
 57327 | Pan      | Identified the +13 tower shield "Ocyonoch" {rC+}
 57400 | Pan      | Found a glowing silver altar of Zin.
 57773 | Pan      | Acquired a manual of Shapeshifting
 57860 | Pan      | Found an exit through the horrors of the Abyss.
 58007 | Pan      | Learned a level 1 spell: Apportation
 58415 | Pan      | Found an exit through the horrors of the Abyss.
 58431 | Pan      | Entered the realm of Cerebov.
 58464 | Pan      | Acquired the +2 helmet "Jotuel" {rC++}
 58674 | Pan      | Identified the +5 war axe of Nisseaf {protect, rC+}
 58677 | Pan      | Identified the +0 leather armour of Devotion {*Slow +Inv
                  | rCorr SInv}
 58747 | Pan      | Found the +6 sword of Cerebov {flame}
 58747 | Pan      | Noticed Cerebov
 58753 | Pan      | Killed Cerebov
 58768 | Pan      | Identified the +2 ring mail "Taiddife" {rF+}
 58823 | Pan      | Got a fiery rune of Zot
 58904 | Pan      | Identified the +5 battleaxe of Lust {flame, ^Contam rPois
                  | MP+9}
 58907 | Pan      | Identified the +3 dagger of Discomfort {antimagic, rF++
                  | Will- Int-4 Dex+6}
 58947 | Pan      | Identified the +2 scale mail "Wytwaiqa" {*Corrode rN+ Int+5
                  | Dex+4}
 59105 | Pan      | Identified the +9 plate armour of Vuricw {-Cast rElec
                  | Regen+ Stlth+}
 59114 | Pan      | Identified the +0 leather armour of Zocahosu {*Slow +Inv
                  | rC++ Str+3}
 59196 | Pan      | Identified the +3 rapier of Xocitakk {holy, rPois rC+}
 59197 | Pan      | Identified the +7 hand axe "Noduhues" {flame, Str+2}
 59304 | Pan      | Noticed Suto the pandemonium lord
 59314 | Pan      | Killed Suto the pandemonium lord
 59388 | Pan      | Noticed Vivuqism the pandemonium lord
 59397 | Pan      | Killed Vivuqism the pandemonium lord
 59440 | Pan      | Noticed Foluraso the pandemonium lord
 59443 | Pan      | Killed Foluraso the pandemonium lord
 59451 | Pan      | Noticed Cipoipt the pandemonium lord
 59497 | Pan      | Killed Cipoipt the pandemonium lord
 59578 | Pan      | Entered the realm of Gloorx Vloq.
 59626 | Pan      | Noticed Gloorx Vloq
 59631 | Pan      | Killed Gloorx Vloq
 59664 | Pan      | Got a dark rune of Zot
 59853 | Pan      | Entered the realm of Mnoleg.
 59946 | Pan      | Noticed Mnoleg
 59950 | Pan      | Killed Mnoleg
 59992 | Pan      | Got a glowing rune of Zot
 60102 | Pan      | Entered the realm of Lom Lobon.
 60102 | Pan      | Noticed Lom Lobon
 60115 | Pan      | Killed Lom Lobon
 60130 | Pan      | Got a magical rune of Zot
 60399 | Pan      | Found an exit through the horrors of the Abyss.
 60410 | Depths:3 | Escaped Pandemonium
 61013 | Zig:1    | Entered Level 1 of a ziggurat
 61032 | Zig:2    | Entered Level 2 of a ziggurat
 61050 | Zig:3    | Entered Level 3 of a ziggurat
 61096 | Zig:3    | Identified the ring "Obya" {rN+ Will+ Int-5 Slay+3 SInv}
 61102 | Zig:4    | Entered Level 4 of a ziggurat
 61146 | Zig:5    | Entered Level 5 of a ziggurat
 61175 | Zig:6    | Entered Level 6 of a ziggurat
 61196 | Zig:6    | Identified the staff of Dema Xee {rElec rPois Str+6 Int-2
                  | Air Alchemy}
 61203 | Zig:7    | Entered Level 7 of a ziggurat
 61210 | Zig:7    | Noticed Ryrhenn the pandemonium lord
 61227 | Zig:7    | Killed Ryrhenn the pandemonium lord
 61294 | Zig:8    | Entered Level 8 of a ziggurat
 61415 | Zig:8    | Identified the +5 rapier "Futhreada" {chaos, rElec MP+9
                  | Dex+3}
 61429 | Zig:9    | Entered Level 9 of a ziggurat
 61525 | Zig:9    | Identified the +0 rapier of Ruan {freeze, rN+ rCorr Int+3
                  | Dex+2}
 61544 | Zig:10   | Entered Level 10 of a ziggurat
 61601 | Zig:10   | Identified the +9 battleaxe of the Mind {pain, rElec rF+
                  | rN+}
 61617 | Zig:11   | Entered Level 11 of a ziggurat
 61727 | Zig:12   | Entered Level 12 of a ziggurat
 61785 | Zig:12   | Identified the +0 plate armour of the Three Olives {rElec
                  | Dex+3}
 61795 | Zig:13   | Entered Level 13 of a ziggurat
 61808 | Zig:13   | Found the ring of Shadows {Umbra +Inv Stlth+}
 61955 | Zig:13   | Identified the +7 falchion of the Incandescent {drain, rN+}
 61956 | Zig:13   | Identified the amulet "Taurgh" {+Inv rN+ Will- Regen+
                  | Stlth+}
 61959 | Zig:13   | Identified the ring "Meisa" {rPois rC+ rN+ EV+5 Dex-2}
 61980 | Zig:13   | Reached skill level 5 in Necromancy
 61980 | Zig:13   | Reached skill level 5 in Translocations
 61986 | Zig:14   | Entered Level 14 of a ziggurat
 62070 | Zig:14   | Identified the ring "Otweinar" {rN+ Str+6 Slay+3}
 62075 | Zig:14   | Identified the +8 scimitar of Harmony {pain, +Blink rElec
                  | Int-3 Dex-5}
 62079 | Zig:14   | Identified the staff "Suluq" {rC+ rN+ rCorr Necro}
 62112 | Zig:15   | Entered Level 15 of a ziggurat
 62128 | Zig:15   | Noticed a dread lich
 62129 | Zig:15   | Noticed a dread lich
 62138 | Zig:15   | Found the ring of the Mage {Wiz Archmagi}
 62138 | Zig:15   | Found the +8 demon blade "Leech" {evervamp, Harm ^Drain
                  | rN+}
 62145 | Zig:15   | Killed a dread lich
 62146 | Zig:15   | Killed a dread lich
 62298 | Zig:15   | Got the Secrets of Formation and the Mesa
 62301 | Zig:15   | Identified the +6 rapier of Abuse {protect, +Blink rPois
                  | Str+3 Int+3}
 62304 | Zig:15   | Identified the +1 ring mail of Rikkir {rC+}
 62318 | Zig:15   | Acquired 411 gold pieces
 62345 | Zig:16   | Entered Level 16 of a ziggurat
 62368 | Zig:16   | Found the amulet of Vitality {RegenMP++ Regen++}
 62368 | Zig:16   | Found the +8 arc blade {discharge, rElec}
 62435 | Zig:16   | Identified the +1 broad axe of Intuition {freeze, rElec
                  | Will+ Int-2}
 62439 | Zig:16   | Identified the staff of Weoschuo {^Contam rPois rF+ Dex+4
                  | Alchemy}
 62440 | Zig:16   | Identified the staff "Inuysyna" {*Slow rN+ Stlth+ Conj
                  | Necro Alchemy}
 62449 | Zig:16   | Identified the ring of Wetei {rElec rPois rN+++ Will-
                  | Dex+6}
 62456 | Zig:16   | Identified the storm talisman "Xanihuemu" {Str+5}
 62468 | Zig:17   | Entered Level 17 of a ziggurat
 62476 | Zig:17   | Noticed an ancient lich
 62482 | Zig:17   | Noticed an ancient lich
 62485 | Zig:17   | Killed an ancient lich
 62486 | Zig:17   | Noticed a dread lich
 62496 | Zig:17   | Noticed an ancient lich
 62497 | Zig:17   | Killed an ancient lich
 62498 | Zig:17   | Killed a dread lich
 62498 | Zig:17   | Noticed an ancient lich
 62501 | Zig:17   | Found the ring of the Hare {EV+10}
 62502 | Zig:17   | Killed an ancient lich
 62505 | Zig:17   | Killed an ancient lich
 62615 | Zig:17   | Identified the +12 chain mail of the Desert {Dex+4}
 62623 | Zig:17   | Identified the +1 ring mail of the Stained Grue {rN+ Int+3}
 62629 | Zig:17   | Identified the death talisman of Lugonu's Inspiration
                  | {Will+}
 62644 | Zig:17   | Identified the staff "Eruom" {rN+ rCorr Str+4 Dex-3 Hexes
                  | Necro}
 62682 | Zig:18   | Entered Level 18 of a ziggurat
 62716 | Zig:18   | Found the +4 skin of Zhor {*Englaciate rC+++ SInv}
 62780 | Zig:18   | Identified the staff of the Middle {rElec rPois rF+
                  | Alchemy}
 62795 | Zig:18   | Identified the ring "Vosodee" {EV+5 Str+5 Int+2}
 62798 | Zig:18   | Got the Anthology of Freezing
 62800 | Zig:18   | Identified the +3 chain mail of Unreason {Str+4 Dex+5
                  | Slay-5 SInv}
 62854 | Zig:19   | Entered Level 19 of a ziggurat
 62881 | Zig:19   | Paralysed by accursed screaming for 1 turns
 62883 | Zig:19   | Noticed a dread lich
 62883 | Zig:19   | Found the +2 Maxwell's thermic engine {flame, freeze, rev}
 62884 | Zig:19   | Identified the +6 spear "Sunar" {flame, *Noise ^Fragile
                  | rF+++ Str+2}
 62889 | Zig:20   | Entered Level 20 of a ziggurat
 62943 | Zig:20   | Noticed an ancient lich
 62949 | Zig:20   | Noticed an ancient lich
 62956 | Zig:20   | Killed an ancient lich
 62959 | Zig:20   | Killed an ancient lich
 63035 | Zig:20   | Identified the amulet "Vestruad" {Spirit Harm Rampage rN+
                  | Slay+2}
 63038 | Zig:20   | Identified the +0 leather armour "Pavywk Geca" {Rampage
                  | rC+++ Dex-5}
 63041 | Zig:20   | Got the Vellum of Azure Left-Handed Spells
 63049 | Zig:20   | Identified the +4 pair of boots of the Skies Above {Rampage
                  | Str+2}
 63068 | Zig:20   | Identified the +1 hand axe "Ranothriu" {heavy, Fly rC+ rN++
                  | Str-2}
 63075 | Zig:20   | Identified the +1 spear of Purpose {chaos, Stlth+}
 63076 | Zig:20   | Identified the amulet of Domeodd {Spirit rC++}
 63080 | Zig:20   | Identified the staff of the Bedazzling Owl {rElec rPois
                  | Int-4 Conj Ice}
 63082 | Zig:20   | Identified the +6 leather armour "Echuh" {rPois Will+
                  | Dex+4}
 63091 | Zig:20   | Identified the amulet of Quinuno {RegenMP -Tele Str+8}
 63127 | Zig:21   | Entered Level 21 of a ziggurat
 63240 | Zig:21   | Identified the +5 kite shield of Fewaubri {rF+ rCorr}
 63247 | Zig:21   | Identified the +8 flail of the Middle {pain, *Rage rN+
                  | Int+5 Stlth+}
 63298 | Zig:21   | Learned a level 4 spell: Passage of Golubria
 63302 | Zig:21   | Learned a level 3 spell: Swiftness
 63303 | Zig:22   | Entered Level 22 of a ziggurat
 63335 | Zig:22   | Reached skill level 1 in Spellcasting
 63338 | Zig:22   | Reached skill level 1 in Air Magic
 63423 | Zig:22   | Identified the +7 broad axe of the Vaults {flame, Will++
                  | Str+4 Stlth-}
 63428 | Zig:22   | Identified the +0 robe of Lilacs {rElec Str+3}
 63435 | Zig:22   | Identified the staff "Ogrebane" {rElec rPois Dex+2 SInv
                  | Alchemy}
 63469 | Zig:22   | Reached skill level 10 in Translocations
 63471 | Zig:23   | Entered Level 23 of a ziggurat
 63541 | Zig:23   | Reached skill level 5 in Air Magic
 63589 | Zig:23   | Identified the +1 chain mail "Lysuge" {Harm +Inv rPois}
 63591 | Zig:23   | Identified the ring of the Sun {rF+ Int-3 SInv Stlth+}
 63593 | Zig:23   | Identified the +2 executioner's axe "Mogum" {pain, Will++}
 63597 | Zig:23   | Identified the amulet "Upebb" {Faith Stlth+}
 63612 | Zig:23   | Identified the +4 chain mail of the Monkey {Rampage +Inv
                  | Regen+}
 63613 | Zig:23   | Identified the +0 scale mail of Fashionability {Str+3}
 63622 | Zig:23   | Identified the +3 ring mail of the Northern Lights {Str+7
                  | Int-3 Dex-4 SInv}
 63623 | Zig:23   | Identified the +7 leather armour of the Old and Reckless
                  | {Regen+ rCorr Str+3}
 63680 | Zig:24   | Entered Level 24 of a ziggurat
 63725 | Zig:24   | Found the amulet of the Four Winds {rN+ Will+++ Clar}
 63762 | Zig:24   | Reached skill level 5 in Spellcasting
 63789 | Zig:24   | Identified the staff "Nohedyrph" {rPois Fire Earth}
 63790 | Zig:24   | Identified the +2 robe of Ivum {^Contam Rampage Str+3}
 63807 | Zig:24   | Identified the +5 scale mail of Nihilism {Int-2 Dex+3
                  | Stlth+}
 63810 | Zig:24   | Identified the ring of Qamoimm {rCorr Str+5 Int+3}
 63817 | Zig:24   | Identified the death talisman "Syamot" {rC- Will+++ Int+4
                  | Stlth-}
 63881 | Zig:25   | Entered Level 25 of a ziggurat
 63938 | Zig:25   | Paralysed by accursed screaming for 1 turns
 63942 | Zig:25   | Found the +7 great mace "Undeadhunter" {deathbane, rN+}
 63943 | Zig:25   | Found the +2 shield of Resistance {rF++ rC++ Will++}
 63944 | Zig:25   | Identified the +1 pair of boots of Hedghuoh {rC+}
 63945 | Zig:25   | Identified the ring of Koisawni {rPois rF+ rC- Int+6 Dex+6}
 63948 | Zig:25   | Identified the +5 ring mail of Impermeability {+Inv rElec
                  | Will+ Stlth+}
 63950 | Zig:26   | Entered Level 26 of a ziggurat
 64173 | Zig:26   | Identified the +4 hand axe of Inference {venom, rC+ Will+
                  | Dex+4}
 64177 | Zig:26   | Identified the amulet of Divine Compulsion {Spirit SInv}
 64203 | Zig:26   | Identified the +11 trident of Earthquakes {flame, rF+
                  | Str+5}
 64208 | Zig:26   | Acquired the +2 pair of gloves "Arijegun" {Rampage rElec
                  | Int-3 Stlth+}
 64225 | Zig:26   | Identified the +4 spear of Hebauh {protect, rElec rPois}
 64298 | Zig:27   | Entered Level 27 of a ziggurat
 64485 | Zig:27   | Found the +3 crown of Dyrovepreva {rElec Int+2 SInv}
 64494 | Zig:27   | Identified the +10 short sword of Nemelex Xobeh's Scorn
                  | {flame, rElec}
 64500 | Zig:27   | Identified the +1 leather armour "Luoricra" {+Blink Will-
                  | rCorr Stlth+}
 64512 | Zig:27   | Identified the staff of Temperance {rElec Int+2 SInv Stlth-
                  | Fire Air}
 64517 | Zig:27   | Identified the ring "Qopada" {rPois rC++ Int+2}
 64529 | Zig:27   | Reached skill level 10 in Spellcasting
 65009 | Tomb:1   | Entered Level 1 of the Tomb of the Ancients
 65132 | Tomb:1   | Noticed a royal mummy
 65141 | Tomb:1   | Killed a royal mummy
 65194 | Tomb:2   | Noticed a royal mummy
 65201 | Tomb:2   | Killed a royal mummy
 65203 | Tomb:2   | Reached skill level 10 in Necromancy
 65238 | Tomb:1   | Noticed a royal mummy
 65250 | Tomb:1   | Noticed a royal mummy
 65251 | Tomb:1   | Killed a royal mummy
 65258 | Tomb:1   | Killed a royal mummy
 65266 | Tomb:1   | Noticed a royal mummy
 65267 | Tomb:1   | Noticed a royal mummy
 65267 | Tomb:1   | Noticed a royal mummy
 65270 | Tomb:1   | Killed a royal mummy
 65271 | Tomb:1   | Killed a royal mummy
 65272 | Tomb:1   | Killed a royal mummy
 65282 | Tomb:1   | Noticed a royal mummy
 65284 | Tomb:1   | Noticed a royal mummy
 65286 | Tomb:1   | Killed a royal mummy
 65292 | Tomb:1   | Killed a royal mummy
 65314 | Tomb:1   | Noticed a royal mummy
 65316 | Tomb:1   | Noticed a royal mummy
 65318 | Tomb:1   | Noticed a royal mummy
 65321 | Tomb:1   | Killed a royal mummy
 65323 | Tomb:1   | Killed a royal mummy
 65324 | Tomb:1   | Killed a royal mummy
 65327 | Tomb:1   | Noticed a royal mummy
 65329 | Tomb:1   | Killed a royal mummy
 65331 | Tomb:1   | Noticed a royal mummy
 65340 | Tomb:1   | Killed a royal mummy
 65341 | Tomb:1   | Noticed a royal mummy
 65354 | Tomb:1   | Killed a royal mummy
 65372 | Tomb:1   | Noticed a royal mummy
 65374 | Tomb:1   | Noticed a royal mummy
 65378 | Tomb:1   | Noticed a royal mummy
 65385 | Tomb:1   | Noticed a royal mummy
 65386 | Tomb:1   | Killed a royal mummy
 65387 | Tomb:1   | Killed a royal mummy
 65388 | Tomb:1   | Killed a royal mummy
 65388 | Tomb:1   | Lost intelligence.
 65398 | Tomb:1   | Noticed a royal mummy
 65411 | Tomb:1   | Killed a royal mummy
 65419 | Tomb:1   | Killed a royal mummy
 65474 | Tomb:3   | Entered Level 3 of the Tomb of the Ancients
 65481 | Tomb:3   | Found the necklace of Bloodlust {Fury *Rage Will++ Int-3
                  | Slay+6}
 65495 | Tomb:3   | Noticed a royal mummy
 65498 | Tomb:3   | Noticed a royal mummy
 65498 | Tomb:3   | Noticed a royal mummy
 65501 | Tomb:3   | Found the dreamshard necklace {Acrobat *Dream}
 65511 | Tomb:3   | Killed a royal mummy
 65527 | Tomb:3   | Noticed a royal mummy
 65554 | Tomb:3   | Killed a royal mummy
 65577 | Tomb:3   | Noticed a royal mummy
 65580 | Tomb:3   | Killed a royal mummy
 65586 | Tomb:3   | Killed a royal mummy
 65587 | Tomb:3   | Killed a royal mummy
 65613 | Tomb:3   | Noticed a royal mummy
 65615 | Tomb:3   | Killed a royal mummy
 65615 | Tomb:3   | Noticed a royal mummy
 65615 | Tomb:3   | Noticed a royal mummy
 65623 | Tomb:3   | Killed a royal mummy
 65629 | Tomb:3   | Killed a royal mummy
 65658 | Tomb:3   | Got a sanguine gem with 1152 turns to spare
 65661 | Tomb:3   | Got a golden rune of Zot
 65706 | Tomb:3   | Found the +15 Maxwell's patent armour {-Cast -Tele rElec
                  | Will+ rCorr}
 65727 | Tomb:3   | Identified the ring of Ragarph {Str+3 SInv}
 65732 | Tomb:3   | Identified the +9 hand axe of Disembowelment {spect, Str+4}
 65737 | Tomb:3   | Identified the +5 halberd of Truth {antimagic, rCorr Str-3
                  | Int+5 Dex+3}
 65738 | Tomb:3   | Identified the +10 arbalest of the Tomato {freeze, rN+
                  | Will+ Dex+2}
 65766 | Tomb:3   | Identified the +4 broad axe of Dishonour {elec, Fly Dex+2}
 65770 | Tomb:3   | Identified the +1 dagger "Hunweu" {pain, rN+ MP+9}
 65771 | Tomb:3   | Identified the +5 orcbow "Fydotroqu" {elec, Str+4}
 65792 | Tomb:3   | Identified the +6 plate armour "Qayg" {MP+9}
 65848 | Tomb:3   | Found the +7 Spriggan's Knife {stab, EV+4 Stlth+}
 66637 | Zot:1    | Entered Level 1 of the Realm of Zot
 66655 | Zot:1    | Noticed Peimeda's ghost (legendary GnFE)
 66659 | Zot:1    | Found a runed translucent door.
 66739 | Zot:2    | Reached skill level 10 in Air Magic
 66970 | Zot:5    | Entered Level 5 of the Realm of Zot
 66985 | Zot:5    | Found a radiant altar of Vehumet.
 67004 | Zot:5    | Got a prismatic gem with 561 turns to spare
 67035 | Zot:5    | Noticed a dread lich
 67048 | Zot:5    | Killed a dread lich
 67049 | Zot:5    | Noticed an orb of fire
 67050 | Zot:5    | Killed an orb of fire
 67050 | Zot:5    | Noticed an ancient lich
 67054 | Zot:5    | Noticed an orb of fire
 67058 | Zot:5    | Got the Orb of Zot
 67059 | Zot:5    | Noticed an orb of fire
 67070 | Zot:5    | Killed an orb of fire
 67070 | Zot:5    | Noticed an orb of fire
 67071 | Zot:5    | Killed an orb of fire
 67168 | Zot:2    | Noticed Grunn
 67228 | Zot:1    | Noticed Yllut the pandemonium lord
 67231 | Zot:1    | Killed Yllut the pandemonium lord
 67238 | Zot:1    | Killed Peimeda's ghost
 67629 | D:$      | Escaped with the Orb!

Illustrated notes

Levels and vault maps discovered:
D:1:      spicycebolla_arrival_clurvy, layout_rooms,
          hellmonk_ecumenical_altar_heavens_door, serial_shops,
          nicolae_shop_gaudy_bauble, minmay_hexomino_r4
D:2:      layout_loops_ring, uniq_natasha
D:3:      layout_loops_ring, serial_shops, shop, uniq_sigmund
D:4:      layout_rooms, mainiacjoe_overflow_catch_the_wave,
          grunt_temple_overflow_diamond, serial_shops,
          nicolae_shop_window_shopping, nzn_random_ring
D:5:      kennysheep_spiral_hall, layout_basic, lemuel_doored_altar,
          minmay_temple_entry_trees, solitary_fountain
D:6:      layout_rooms, serial_shops, shop, minmay_misc_feat_cross,
          chequers_jeans, blue_anna_alchemist, uniq_menkaure,
          uniq_crazy_yiuf_cottage, uniq_pikel
D:7:      layout_loops_ring, lemuel_tele_altar,
          nicolae_qazlal_beasts_of_the_sky, nemelex_xobeh_ov_fountains_minmay,
          ebering_ghost_reflecting_pool
D:8:      wander_kiku_kobolds, layout_rooms, lair_entry_dummy, uniq_psyche
D:9:      layout_roguey
D:10:     layout_loops_ring, hangedman_abyss_or_decor_stabs, minivault_19
D:11:     layout_grid_maze, portal_ice_cave_entry_pillars_1, nicolae_wwwww,
          nicolae_tricolors
D:12:     layout_roguey, erik_orc_4, serial_curves, eino_curves_02,
          eino_curves_03
D:13:     layout_roguey, david_vaults_4
D:14:     layout_gridville, minmay_stone_trees_large
D:15:     hangedman_depths_entry_try_elsewhere_first, layout_basic,
          serial_shops, nicolae_shop_window_shopping, serial_rivers,
          chequers_serial_rivers_micro_a, chequers_serial_rivers_micro_a,
          chequers_serial_rivers_room_b, chequers_serial_rivers_room_b,
          chequers_serial_rivers_micro_d, serial_park_tiny_pond
Lair:1:   layout_long_grid, cheibrodos_lair_lostbears, grunt_megastairs_3
Lair:2:   mu_elephants_graveyard, layout_layer_cave, uniq_amaemon
Lair:3:   layout_cave_shapes, minmay_swamp_entry_worms,
          nicolae_spider_entry_orb_guardian
Lair:4:   layout_cave_shapes, slime_entry_1, grunt_megastairs_4
Lair:5:   hellmonk_lair_end_abyssal_woods, layout_regular_city,
          serial_bayou_shore_a
Swamp:1:  layout_falls_marsh, evilmike_swamp_ruin_house_2, uniq_roxanne
Swamp:2:  layout_basic_swamp, evilmike_swamp_ruin_house_5, swamp_pool_1_2,
          nicolae_swamp_decorative_isthmus, nicolae_swamp_tree_isthmus
Swamp:3:  layout_falls_marsh, evilmike_swamp_ruin_house_4,
          grunt_lady_of_the_lake
Swamp:4:  swamp, layout_basic_swamp, swamp_pool_1_2
Spider:1: layout_spider_delve
Spider:2: layout_spider_delve, special_room [special_room_bee],
          nicolae_spider_solar_radiation, uniq_arachne, uniq_frances
Spider:3: layout_spider_delve, ebering_ghost_reflecting_pool
Spider:4: floodkiller_spider_rune_tomb, nicolae_spider_orb_run
Slime:1:  layout_caves, cheibrodos_slime_lost_civilization_6
Slime:2:  layout_caves
Slime:3:  layout_caves, basic_altar, cheibrodos_slime_lost_civilization_7
Slime:4:  layout_caves, dissolution_awaits
Slime:5:  slime_pit_nicolae_block_by_block
Orc:1:    layout_caves, serial_shops, shop, ebering_ghost_rock_garden,
          nicolae_orc_hostile_takeover
Orc:2:    st_orc_ogre_mass, layout_diamond_mine, serial_shops, shop,
          mines4_lemuel
Elf:1:    layout_geoelf_octagon, minmay_elf_annihilation, minmay_shop_grove,
          uniq_nikola
Elf:2:    nicolae_elf_blades_splatter_lattice [nicolae_blade_entry_pointy_end],
          layout_gridlike, enter_trove_6
Elf:3:    minmay_elf_hall_dome, layout_loops_ring
Vaults:1: hellmonk_ghost_big_iron, nicolae_vaults_closet_pinwheel_6,
          minmay_guarded_unrand_guard, vaults_room_grunt_arrival_ludios,
          hangedman_vaults_corner, v_misc_15, nicolae_vaults_storage_closets_3,
          nicolae_vaults_border_crossing, hangedman_vaults_stream,
          nicolae_vaults_trapezoid_lopsided_3,
          nicolae_vaults_storage_room_statues, ontoclasm_vaults_loading_screen,
          vaults_room_pools, layout_vaults_ring
Vaults:2: nicolae_vaults_surprise_closet, minmay_crypt_entry_simple_round,
          nicolae_vaults_mini_display_case, nicolae_vaults_sightless_eye,
          nicolae_vaults_trapezoid_1, nicolae_vaults_diagonal_hallway_9,
          layout_vaults_omnigrid, uniq_sojobo
Vaults:3: serial_library_regret_index_small_wings,
          nicolae_vaults_little_squares_2, v_alt_pattern_1,
          hangedman_vaults_restitches, v_misc_19, ontoclasm_vaults_chip,
          gammafunk_sealed_arena, ontoclasm_vaults_tryst,
          grunt_vaults_trifunnel, nicolae_vaults_wine_cellar, v_pattern_2,
          vaults_room_door_ring, hangedman_vaults_river_flow,
          nicolae_vaults_circle_grid_a, vaults_dpeg_encased_lava,
          layout_vaults_maze, serial_shops, shop
Vaults:4: ontoclasm_vaults_loading_screen, hangedman_vaults_corner_blocks,
          nicolae_vaults_shipping_containers_2, nicolae_vaults_network_square,
          nicolae_vaults_double_plus_1, ontoclasm_vaults_loading_screen,
          v_misc_15, hangedman_vaults_capsules, layout_vaults_big_room,
          uniq_zenata, uniq_margery
Vaults:5: serial_shops
Crypt:1:  layout_misc_corridors, uniq_boris, uniq_jory, uniq_bai_suzhen
Crypt:2:  layout_gridlike
Crypt:3:  grunt_crypt_end_deaths_head
Tomb:1
Tomb:2
Tomb:3
Depths:1: layout_cave_shapes, grunt_metal_band, minmay_misc_feat_five,
          chequers_serial_rivers_micro_c, minislime_mu, grunt_megastairs_5
Depths:2: nzn_winding_woodlands_three_and_one
          [nzn_winding_woodlands_5x15_river_crossing,
          nzn_winding_woodlands_5x15_jagged, nzn_winding_woodlands_5x15_default,
          nzn_winding_woodlands_center_garden], layout_cave_pools, hell_entry,
          serial_shops, shop, minmay_misc_feat_enclosed, pan_entry,
          lemuel_blue_sif_altar
Depths:3: hangedman_cross_stitches, layout_gridlike,
          abyss_entry_small_statue_room, nicolae_eternal_life, hell_entry,
          grunt_pan_entry_zigzag, serial_shops, nicolae_shop_tiny_waterfront,
          special_room [special_room_morgue], infiniplex_staircase_river
Depths:4: hangedman_slaughterboxes, abyss_entry, hell_entry
Hell
Dis:1:    nicolae_dis_metal_hellway, layout_gridville,
          nicolae_hells_seeping_fissure
Dis:2:    layout_gridville
Dis:3:    layout_gridville, nicolae_dis_strange_trophy_room
Dis:4:    layout_gridville
Dis:5:    layout_jigsaw
Dis:6:    layout_overlapping_boxes
Dis:7:    dis_grunt_layers
Geh:1:    layout_gehenna_lava_caves
Geh:2:    layout_gehenna_pools_basic, evilmike_ambush
          [evilmike_ambush_outer_basic, evilmike_ambush_inner_pond]
Geh:3:    layout_gehenna_lava_caves
Geh:4:    layout_gehenna_pools_triple
Geh:5:    layout_gehenna_pools_triple
Geh:6:    layout_gehenna_pools_basic
Geh:7:    geh_hangedman
Coc:1:    layout_cocytus_water_paths
Coc:2:    layout_cocytus_delve
Coc:3:    layout_ice_bergs
Coc:4:    layout_cocytus_water_paths, serial_ice
Coc:5:    layout_ice_bergs
Coc:6:    layout_cocytus_water_paths
Coc:7:    coc_dpeg
Tar:1:    layout_honeycomb, nicolae_tar_just_some_guys
Tar:2:    layout_grid_maze
Tar:4:    layout_grid_maze
Tar:5:    layout_cathedral_of_symmetry, tekkud_tar_snaking_path
Tar:6:    layout_grid_maze
Tar:7:    tar_minmay_river
Zot:1:    grunt_deathspiral_small, layout_onion_interference,
          hellmonk_ghost_happy_afterlife
Zot:2:    nicolae_zot_stationary_front, layout_twisted_circle,
          regret_index_zotdec_gossamer_parallel, uniq_grunn
Zot:3:    layout_basic, regret_index_zot_stipple_split
Zot:4:    layout_concentric_octagons, skrybe_zot_glass_2,
          regret_index_zotdec_twisting_globes
Zot:5:    layout_twisted_circle, basic_altar

Skill      XL: |  1  2  3  4  5  6  7  8  9 10 11 12 13 14 15 16 17 18 19 20 21 22 23 24 25 26 27 |
---------------+----------------------------------------------------------------------------------+-----
Short Blades   | 2 3 4 6 7 8 10 11 12 13 14 | 14.0
Shields        | 3 4 6 8 9 10 12 13 14 15 16 22 | 22.4
Fighting       | 3 4 5 6 7 8 9 10 11 12 13 14 15 16 17 18 26 | 26.9
Stealth        | 1 3 6 7 9 10 11 12 13 14 15 16 17 18 19 20 21 22 | 22.1
Invocations    | 2 4 6 8 10 11 12 13 15 16 17 18 19 20 21 22 23 24 27 | 27.0
Dodging        | 2 4 5 6 7 8 9 10 11 12 13 22 | 22.1
Armour         | 3 5 6 7 8 9 11 12 14 15 26 | 26.4
Long Blades    | 3 6 8 |  8.0
Shapeshifting  | 23 | 23.0
Necromancy     | 10 | 10.0
Translocations | 12 | 12.0
Spellcasting   | 13 | 13.7
Air Magic      | 10 | 10.0

Action                     |  1- 3 |  4- 6 |  7- 9 | 10-12 | 13-15 | 16-18 | 19-21 | 22-24 | 25-27 || total
---------------------------+-------+-------+-------+-------+-------+-------+-------+-------+-------++-------
  Melee: Rapier            |   105 |   127 |       |   144 |  1287 |  1404 |   360 |       |    51 ||  3478
         Bite              |    25 |    40 |   152 |   341 |   575 |   643 |   594 |   736 |  4618 ||  7724
         Dagger            |       |     3 |   275 |   805 |     7 |       |       |     2 |       ||  1092
         Short sword       |       |       |   162 |       |       |       |       |       |       ||   162
         Scimitar          |       |       |       |       |     7 |       |       |       |       ||     7
         Quick blade       |       |       |       |       |       |       |   757 |  1353 |  7565 ||  9675
         Katana            |       |       |       |       |       |       |       |       |   208 ||   208
  Throw: Dart              |       |       |     4 |     4 |       |     2 |     1 |       |     2 ||    13
         Throwing net      |       |       |       |       |       |     1 |       |       |     1 ||     2
   Cast: Fugue of the Fall |       |       |       |       |       |       |       |       |     2 ||     2
         Vhi's Electric Ch |       |       |       |       |       |       |       |       |     2 ||     2
 Invoke: Line Pass         |       |       |     5 |    19 |     5 |    14 |    12 |     2 |   102 ||   159
         Stomp             |       |       |     3 |       |       |       |       |       |     3 ||     6
         Grand Finale      |       |       |       |     3 |     6 |     8 |    14 |     9 |    77 ||   117
Ability: Siphon Essence    |       |       |       |       |       |       |       |       |     9 ||     9
         Begin Untransform |       |       |       |       |       |       |       |       |     1 ||     1
  Evoke: Wand              |       |       |       |     3 |     1 |     3 |     5 |     2 |    21 ||    35
         Horn of Geryon    |       |       |       |       |       |       |       |       |     1 ||     1
    Use: Potion            |       |       |     1 |     2 |       |     8 |     1 |     2 |    21 ||    35
         Scroll            |       |       |     1 |     8 |    12 |     8 |     7 |     8 |    54 ||    98
   Stab: Paralysed         |       |       |    10 |    50 |    80 |    93 |    53 |    86 |   612 ||   984
         Sleeping          |       |       |       |     3 |    40 |    37 |    33 |    33 |    57 ||   203
         Confused          |       |       |       |     8 |     4 |    12 |    20 |     2 |   143 ||   189
         Betrayed ally     |       |       |       |     1 |       |       |       |       |       ||     1
         Distracted        |       |       |       |       |     2 |     4 |     4 |     7 |    49 ||    66
         Held in net/web   |       |       |       |       |       |     2 |       |       |       ||     2
         Petrifying        |       |       |       |       |       |       |       |       |     6 ||     6
         Invisible         |       |       |       |       |       |       |       |       |    30 ||    30
         Petrified         |       |       |       |       |       |       |       |       |    14 ||    14
 Armour: Scale mail        |    48 |       |       |       |       |       |       |       |       ||    48
         Chain mail        |    38 |    70 |   261 |    63 |   389 |   651 |   322 |   161 |   166 ||  2121
         Plate armour      |       |       |       |   436 |       |       |       |       |       ||   436
         Swamp dragon scal |       |       |       |   206 |    61 |       |       |       |       ||   267
         Gold dragon scale |       |       |       |       |       |       |       |       |  1507 ||  1507
  Dodge: Dodged            |    49 |    38 |   119 |   198 |   129 |   250 |   140 |    60 |  1275 ||  2258
  Block: Buckler           |    23 |    19 |    78 |   124 |       |       |       |       |       ||   244
         Kite shield       |       |       |       |   195 |   474 |   734 |   310 |   472 |  2056 ||  4241
         Tower shield      |       |       |       |       |       |       |       |       |  2675 ||  2675
   Form: Death             |       |       |       |       |       |       |       |       |     8 ||     8
                           |       |       |       |       |       |       |       |       |     7 ||     7
         Statue            |       |       |       |       |       |       |       |       |     1 ||     1
